 Dungeon Crawl Stone Soup version 0.31-a0-150-g89dc3ad700 (webtiles) character file.

Game seed: 13858582400861841683

2033405 qw the Conqueror (level 26, 107/193 HPs)
             Began as a Gargoyle Hunter on June 8, 2023.
             Was an Elder of Okawaru.
             Escaped with the Orb
             ... and 3 runes!
             The game lasted 00:30:34 (46315 turns).

qw the Conqueror (Gargoyle Hunter)                 Turns: 46315, Time: 00:30:35

Health: 107/193    AC: 45    Str: 20    XL:     26   Next: 57%
Magic:  31/31      EV: 49    Int: 15    God:    Okawaru [****..]
Gold:   1022       SH:  0    Dex: 32    Spells: 25/25 levels left

rFire   + . .        b - +9 longbow (drain)
rCold   + + .        (shield currently unavailable)
rNeg    + + .        y - +4 troll leather armour
rPois   inf          (helmet restricted)
rElec   +            A - +2 cloak {Will+}
rCorr   .            q - +1 pair of gloves of Marbles {rC+ Dex+3}
SInv    +            l - +1 pair of boots "Jenioleaw" {rC++ Dex+3}
Will    +....        z - amulet "Tiymuc" {Faith +Blink rF+ rN+ Str+3}
Stlth   ++           u - ring of Zidemi {rElec Will- EV+5 Slay+4 SInv}
HPRegen 1.32/turn    F - +6 ring of dexterity
MPRegen 0.22/turn

%: faith
@: mighty, heroic, flying, hasted, very quick
A: sickness immunity, AC +20, big wings, negative energy resistance 1,
electricity resistance, torment resistance 1, petrification resistance, antennae
1, iridescent scales 1, clever 1, cold vulnerability 1
0: Orb of Zot
}: 3/15 runes: decaying, serpentine, silver
a: Renounce Religion, Evoke Blink, Heroism, Finesse


You escaped.
You worshipped Okawaru.
Okawaru was greatly pleased with you.
You visited 8 branches of the dungeon, and saw 44 of its levels.
You visited 1 bazaar.

You collected 5834 gold pieces.
You spent 4812 gold pieces at shops.


Innate Abilities, Weirdness & Mutations

You are immune to sickness and miasma.
Your stone body is resilient. (AC +20)
You are immune to poison.
Your large and strong wings let you fly.
You resist negative energy. (rN+)
You are resistant to electric shocks. (rElec)
You are resistant to unholy torment.
You are immune to petrification.
You have a pair of small antennae on your head.
You are partially covered in iridescent scales. (AC +2)
Your mind is acute. (Int +4, Str/Dex -1)
You are vulnerable to cold. (rC-)


   Skills:
 O Level 27 Fighting
 - Level 22.0(27) Ranged Weapons
 + Level 20.7(25.7) Armour
 - Level 22.0(27) Dodging
 - Level 1.1(6.1) Stealth
 - Level 11.6 Invocations


You had 25 spell levels left.
You didn't know any spells.
Your spell library was empty.

Inventory:

Hand Weapons
 b - a +9 longbow of draining (weapon)
Armour
 f - the +0 pair of gloves of Refuge {rElec rF+++ Will- rCorr}
   (Okawaru gifted it to you on level 1 of the Depths)

   rF:        It renders you almost immune to fire.
   rElec:     It insulates you from electricity.
   rCorr:     It protects you from acid and corrosion.
   Will:      It decreases your willpower.
 l - the +1 pair of boots "Jenioleaw" (worn) {rC++ Dex+3}
   (You found it on level 2 of the Dungeon)

   Dex:       It affects your dexterity (+3).
   rC:        It greatly protects you from cold.
 n - the +3 ring mail "Ohidghist" {-Tele Drain rC+++ rCorr}
   (Okawaru gifted it to you on level 14 of the Dungeon)

   rC:        It renders you almost immune to cold.
   -Tele:     It prevents most forms of teleportation.
   rCorr:     It protects you from acid and corrosion.
   Drain:     It drains your maximum health when unequipped.
 q - the +1 pair of gloves of Marbles (worn) {rC+ Dex+3}
   (Okawaru gifted it to you on level 2 of the Realm of Zot)

   Dex:       It affects your dexterity (+3).
   rC:        It protects you from cold.
 s - a scarf of resistance
 w - the +2 pair of boots of Fun and Games {+Inv rF++ Will- Stlth+}
   (You acquired it on level 4 of the Snake Pit)

   rF:        It greatly protects you from fire.
   +Inv:      It lets you turn invisible.
   Will:      It decreases your willpower.
   Stlth:     It makes you more stealthy.
 y - a +4 troll leather armour (worn)
 A - a +2 cloak of willpower (worn)
 C - the +0 cloak of Untruth {rF+}
   (You acquired it on level 3 of the Snake Pit)

   rF:        It protects you from fire.
Jewellery
 u - the ring of Zidemi (left hand) {rElec Will- EV+5 Slay+4 SInv}
   (You found it on level 4 of the Vaults)

   [ring of evasion]

   EV:        It affects your evasion (+5).
   Slay:      It affects your accuracy & damage with ranged weapons and melee
   (+4).
   rElec:     It insulates you from electricity.
   SInv:      It lets you see invisible.
   Will:      It decreases your willpower.
 v - an amulet of reflection
 z - the amulet "Tiymuc" (around neck) {Faith +Blink rF+ rN+ Str+3}
   (You acquired it on level 4 of the Snake Pit)

   [amulet of faith]

   It allows you to gain divine favour quickly.
   Str:       It affects your strength (+3).
   rF:        It protects you from fire.
   rN:        It protects you from negative energy.
   +Blink:    It lets you blink.
 F - a +6 ring of dexterity (right hand)
 G - the ring "Uckaonka" {rF+ rN+ Will+}
   (You bought it in a shop on level 2 of the Snake Pit)

   [ring of willpower]

   rF:        It protects you from fire.
   rN:        It protects you from negative energy.
   Will:      It increases your willpower.
Wands
 k - a wand of digging (10)
Scrolls
 h - 14 scrolls of identify
 j - 2 scrolls of enchant armour
 m - 12 scrolls of teleportation
 t - a scroll of enchant weapon
Potions
 c - 6 potions of cancellation
 d - 4 potions of haste
 e - 23 potions of curing
 i - a potion of mutation
 o - 4 potions of might
 p - 3 potions of magic
 r - 6 potions of heal wounds

Dungeon Overview and Level Annotations

Branches:
Dungeon (15/15)            Temple (0/1) D:7            Lair (5/5) D:11
  Swamp (4/4) Lair:3        Snake (4/4) Lair:2        Slime (0/5) Lair:5
    Orc (2/2) D:10            Elf (0/3) Orc:2        Vaults (5/5) D:14
  Crypt (0/3) Vaults:2     Depths (4/4) D:15            Zot (5/5) Depths:4

Altars:
Ashenzari
Dithmenos
Fedhas
Gozag
Kikubaaqudgha
Nemelex Xobeh
Okawaru
Qazlal
Ru
Sif Muna
Trog
Uskayaw
Vehumet
Wu Jian
Yredelemnul
Zin
The Shining One
Jiyva
Lugonu

Shops:
D:2 (   D:5 ?   D:15 *   Orc:1 :   Orc:2 [[!*   Snake:2 (=   Vaults:1 [!!!(
Vaults:2 [   Depths:1 :   Depths:2 =   Depths:3 (

Portals:
Hell: Depths:1 Depths:2 Depths:3 Depths:4
Abyss: Lair:5 Depths:2 Depths:3
Pandemonium: Depths:2
Ziggurat: Depths:1
Trove: Depths:3 (give 8 potions of haste)

Annotations:
D:6 2 transporters
Vaults:4 3 runed translucent doors, qw's ghost, adept MiHu


Message History

You kill the angel!
Okawaru accepts your kill.
The cherub unwields a +3 flail of flaming.
It stops flaming.
The cherub wields a +0 shortbow.
The cherub shoots an arrow.
The arrow completely misses you.
You shoot an arrow. The arrow hits the cherub!!
The cherub is moderately wounded.
You shoot an arrow. The arrow misses the cherub.
You shoot an arrow. The arrow closely misses the cherub.
The cherub no longer looks unusually strong.
The cherub shoots an arrow.
The arrow completely misses you.
You shoot an arrow. The arrow hits the cherub!!
The cherub is severely wounded.
You shoot an arrow. The arrow closely misses the cherub.
The cherub shoots an arrow.
The arrow hits you.
You shoot an arrow. The arrow barely misses the cherub.
You shoot an arrow. The arrow hits the cherub!!!
You kill the cherub!
Okawaru accepts your kill.
46308 ||| DRINKING 7 potions of heal wounds.
You feel much better.
(D) Dungeon (T) Temple (L) Lair (S) Swamp (P) Snake Pit (M) Slime Pits (O) Orcish Mines (E) Elven Halls (V) Vaults (C) Crypt (U) Depths (H) Hell (Z) Zot
Where to? (* - list waypoints, Enter - D:1 @ (x,y), ? - help)
What level of the Dungeon? (default 1, ? - help)
Items here: ))) [[[.
There is an open door here.
Things that are here:
a +0 shortbow; a +3 flail of flaming; a +0 robe
There is a staircase leading out of the dungeon here.
(D) Dungeon (T) Temple (L) Lair (S) Swamp (P) Snake Pit (M) Slime Pits (O) Orcish Mines (E) Elven Halls (V) Vaults (C) Crypt (U) Depths (H) Hell (Z) Zot
Where to? (* - list waypoints, Enter - D:1 @ (x,y), ? - help)
What level of the Dungeon? (default 1, ? - help) You're already here!
You have escaped!

#)########
#........########
######...##.....#
#.¤¤##.....#
#.¤.##.....#
#.¤.)).....#
#.~.##.....#
#...##.....#
#...##..@..#
#.8.##.....#
#...########
#####


There were no monsters in sight!

Vanquished Creatures
  2 seraphim
  2 orbs of fire (Zot:5)
  3 ancient liches
  A juggernaut (Depths:2)
  Mara (Snake:4)
  Sojobo (Vaults:2)
  Vashnia (Snake:2)
  Saint Roka (Snake:4)
  7 Killer Klowns
  4 caustic shrikes (Depths:2)
  A curse toe (Zot:3)
  2 pandemonium lords (Zot:2)
  13 golden dragons
  2 Ice Fiends
  15 tentacled monstrosities
  2 electric golems
  7 liches
  Mlioglotl (Snake:1)
  5 quicksilver dragons
  5 titans
  25 Orb Guardians
  Frances (Swamp:2)
  Gastronok (Lair:1)
  6 death cobs
  An eldritch tentacle (Zot:2)
  7 shadow dragons
  7 tengu reavers
  4 sphinxes
  3 thorn hunters
  Kirke (Swamp:2)
  Agnes (Snake:3)
  15 storm dragons
  9 nagarajas
  A daeva (Zot:3)
  4 draconian knights
  12 fire giants
  14 draconian monks
  4 deep elf sorcerers
  4 draconian stormcallers
  7 draconian scorchers
  2 ghost moths
  A balrug (Depths:4)
  11 frost giants
  2 angels (D:1)
  8 draconian shifters
  16 vault wardens
  Louise (Snake:1)
  5 iron dragons
  Aizul (Snake:1)
  5 orc warlords
  18 ironbound preservers
  8 draconian annihilators
  A cacodemon (Depths:2)
  A reaper (Depths:4)
  17 stone giants
  7 spriggan defenders
  16 very ugly things
  13 ironbound thunderhulks
  3 war gargoyles
  Nessos (D:14)
  Azrael (D:14)
  11 dire elephants
  6 eleionomae
  8 green draconians
  2 deep elf demonologists
  2 vampire knights
  12 yellow draconians
  3 spark wasps (Depths:4)
  12 white draconians
  7 red draconians
  6 bunyips
  13 black draconians
  6 purple draconians
  2 crystal guardians (Vaults:2)
  16 ettins
  A deep elf death mage (Vaults:5)
  A blizzard demon (D:14)
  An entropy weaver (Vaults:1)
  A merfolk impaler (Depths:1)
  7 fire dragons
  3 shambling mangroves
  3 rakshasas
  3 salamander tyrants
  2 deep elf high priests (Vaults:5)
  4 yaktaur captains
  3 ghost crabs
  29 vault guards
  2 ogre magi (Vaults:5)
  4 peacekeepers
  23 hydras
  12 ice dragons
  5 ironbound frosthearts
  2 catoblepae
  A hell beast (D:11)
  Erica (Lair:1)
  5 spriggan air magi
  16 alligators
  9 centaur warriors
  5 dancing weapons (Zot:4)
  11 deep troll shamans
  10 naga warriors
  15 anacondas
  7 two-headed ogres
  Urug (Lair:3)
  9 shock serpents
  19 naga sharpshooters
  3 thrashing horrors (Lair:5)
  4 deep troll earth magi
  5 boulder beetles
  2 demonic crawlers (D:13)
  8 tengu warriors
  2 spriggan berserkers
  An orc high priest (Orc:2)
  13 death yaks
  Sonja (D:13)
  18 hell knights
  2 deep elf knights
  2 sun demons (Depths:4)
  4 salamander mystics
  5 iron trolls
  2 skysharks (Lair:5)
  A golden dragon zombie (Depths:1)
  2 goliath frogs
  A storm dragon skeleton (Depths:1)
  A death drake (Swamp:4)
  3 glowing orange brains
  2 flayed ghosts
  2 cherubim
  5 bog bodies
  9 naga ritualists
  56 deep trolls
  2 spriggan druids
  11 swamp dragons
  3 lindwurms
  12 ironbound convokers
  3 deep elf pyromancers
  4 phantasmal warriors
  7 necromancers
  Pikel (D:5)
  18 orc knights
  9 wizards
  4 harpies (Vaults:1)
  4 orc sorcerers
  A golden dragon skeleton (Depths:1)
  4 will-o-the-wisps
  5 mana vipers
  3 deep elf zephyrmancers (Vaults:5)
  An oklob plant (D:11)
  7 cyclopes
  5 manticores
  2 moths of wrath (shapeshifter)
  21 moths of wrath
  22 salamanders
  42 ugly things
  2 wolf spiders (Lair:1)
  Joseph (D:8)
  A rust devil (Depths:2)
  17 elephants (Lair:4)
  14 vault sentinels
  10 guardian serpents
  An elf zombie (Vaults:2)
  2 smoke demons (Lair:5)
  35 black mambas
  18 naga magi
  5 gargoyles
  8 cane toads
  3 orange demons
  A guardian serpent (shapeshifter) (Vaults:5)
  A yaktaur zombie (Vaults:2)
  A hellion (Zot:5)
  5 rime drakes
  15 yaktaurs
  A rime drake (shapeshifter) (D:15)
  3 efreet
  A freezing wraith (Vaults:2)
  17 komodo dragons
  3 tengu conjurers
  A tormentor (Zot:5)
  2 ancient zymes (Lair:5)
  7 trolls
  2 bloated husks (Swamp:1)
  3 polar bears
  A red devil (Depths:2)
  A hellwing (Zot:2)
  14 hornets
  6 tyrant leeches
  18 blink frogs
  A blink frog (shapeshifter) (Vaults:5)
  Prince Ribbit (D:5)
  An ettin zombie (Vaults:2)
  2 large abominations (Lair:5)
  A slime creature (shapeshifter) (Depths:4)
  32 slime creatures
  10 small abominations (Lair:5)
  A shadow (D:10)
  8 spriggans
  4 water elementals (Depths:4)
  6 fire elementals (D:14)
  3 vampires
  6 ynoxinuls
  2 humans (Swamp:2)
  9 wyverns
  4 wraiths
  Grum (Lair:1)
  6 basilisks
  3 hogs (Swamp:2)
  5 vampire mosquitoes
  3 steam dragons
  31 yaks
  2 redbacks (Vaults:1)
  3 chaos spawn
  9 wargs
  An acid dragon (D:9)
  12 swamp worms
  An acid dragon (shapeshifter) (D:13)
  48 nagas
  2 hell hounds (D:14)
  2 floating eyes (shapeshifter) (Vaults:5)
  A glowing shapeshifter skeleton (Vaults:2)
  25 water moccasins
  A floating eye (Depths:2)
  45 orc warriors
  12 swamp drakes
  3 ice beasts
  2 sky beasts
  2 black bears
  8 ogres
  3 boggarts (Vaults:3)
  26 centaurs
  23 wolves
  2 lemures (D:5)
  3 phantoms
  3 kobold brigands
  13 bullfrogs
  Blork the orc (D:4)
  8 gnoll sergeants
  5 scorpions
  A wight (D:5)
  8 killer bees
  A howler monkey (D:10)
  5 electric eels
  A human simulacrum (Vaults:2)
  A jelly (D:6)
  12 orc priests
  5 hounds
  3 gnoll boudas
  5 iguanas
  2 sleepcaps
  17 orc wizards
  2 hell rats (D:13)
  19 adders
  27 gnolls
  4 river rats (D:13)
  14 white imps
  A worm (D:3)
  2 dart slugs (D:1)
  69 orcs
  9 ball pythons
  2 endoplasms
  9 giant cockroaches
  5 goblins
  8 hobgoblins
  5 quokkas
  4 bats
  10 frilled lizards
  7 kobolds
  11 rats
1902 creatures vanquished.

Vanquished Creatures (others)
  A pandemonium lord (Depths:4)
  An ironbound convoker (Vaults:2)
  A wizard (D:14)
  A moth of wrath (Zot:5)
  An ogre (Vaults:5)
  19 foxfires
24 creatures vanquished.

Grand Total: 1926 creatures vanquished

Notes
Turn   | Place    | Note
-------+----------+-------------------------------------------
     0 | D:1      | qw the Gargoyle Hunter began the quest for the Orb.
     0 | D:1      | Reached XP level 1. HP: 12/12 MP: 1/1
     0 | D:1      | 0 ||| qw: Version: 0.2-a-120-gdf1a93b
     0 | D:1      | 0 ||| qw: Game counter: 3022
     0 | D:1      | 0 ||| qw: Always use a shield: true
     0 | D:1      | 0 ||| qw: God list: Okawaru
     0 | D:1      | 0 ||| qw: Allow faded altars: false
     0 | D:1      | 0 ||| qw: Do Orc after D:15 true
     0 | D:1      | 0 ||| qw: Do second Lair branch before Depths: true
     0 | D:1      | 0 ||| qw: Lair rune preference: random
     0 | D:1      | 0 ||| qw: Plans: Normal
     0 | D:1      | 0 ||| PLANNING D:1-11
   151 | D:1      | Reached XP level 2. HP: 17/17 MP: 2/2
   468 | D:1      | Reached XP level 3. HP: 21/21 MP: 3/3
   669 | D:1      | 669 ||| UPGRADING to +0 ring mail.
   679 | D:1      | 679 ||| DROPPING +0 leather armour.
   680 | D:1      | 680 ||| UPGRADING to +6 ring of strength.
   681 | D:1      | 681 ||| READING scroll labelled AJYDYN GYEFF.
   682 | D:1      | 682 ||| READING scroll labelled TIOSIM PUOSMU.
   682 | D:1      | Identified a scroll of acquirement
   682 | D:1      | 682 ||| ACQUIRING +3 pair of mountain boots {steadfast,
                  | rC+}
   682 | D:1      | Acquired the +3 pair of mountain boots {steadfast, rC+}
   682 | D:1      | Found the +3 pair of mountain boots {steadfast, rC+}
   684 | D:1      | 684 ||| UPGRADING to +3 pair of mountain boots {steadfast,
                  | rC+}.
   689 | D:1      | 689 ||| READING scroll labelled WOCLOE SUUMOTH.
   690 | D:1      | 690 ||| DROPPING scroll of butterflies.
   771 | D:2      | 771 ||| SWAPPING to +0 arbalest.
   772 | D:2      | 772 ||| DROPPING +0 shortbow of electrocution.
   820 | D:2      | Found Woytumpe's Antique Weapon Shop.
   902 | D:2      | Reached skill level 1 in Armour
   914 | D:2      | Identified the +1 pair of boots "Jenioleaw" {rC++ Dex+3}
   990 | D:2      | Found a faded altar of an unknown god.
  1147 | D:2      | 1147 ||| UPGRADING to +1 pair of boots "Jenioleaw" {rC++
                  | Dex+3}.
  1157 | D:2      | 1157 ||| DROPPING +3 pair of mountain boots {steadfast,
                  | rC+}.
  1158 | D:2      | 1158 ||| UPGRADING to +4 ring of slaying {mikee}.
  1159 | D:2      | 1159 ||| READING scroll labelled ESIAHA WANAPEW.
  1160 | D:2      | 1160 ||| READING scroll labelled MOUKKI EFAMIJ.
  1161 | D:2      | 1161 ||| READING scroll labelled RAADDY QEUBUIR.
  1166 | D:2      | 1166 ||| DRINKING 2 inky potions.
  1265 | D:3      | Found an iron altar of Okawaru.
  1266 | D:3      | 1266 ||| PLANNING OKAWARU WORSHIP
  1266 | D:3      | 1266 ||| READING scroll labelled MIQOOJ CAF YNO.
  1267 | D:3      | 1267 ||| DRINKING 2 metallic brown potions.
  1268 | D:3      | 1268 ||| DROPPING potion of enlightenment.
  1275 | D:3      | Became a worshipper of Warmaster Okawaru
  1275 | D:3      | 1275 ||| PLANNING D:1-11
  1610 | D:3      | Reached XP level 4. HP: 27/27 MP: 4/4
  1657 | D:3      | Reached skill level 3 in Fighting
  1823 | D:3      | 1823 ||| READING scroll labelled ITHEEL GEHIGO.
  1840 | D:4      | Noticed a phantom
  1844 | D:4      | Killed a phantom
  1845 | D:4      | Reached XP level 5. HP: 32/32 MP: 5/5
  1929 | D:4      | Reached * piety under Okawaru
  1930 | D:4      | Reached skill level 6 in Ranged Weapons
  2064 | D:4      | Noticed Blork the orc
  2066 | D:4      | 2066 ||| INVOKING Heroism.
  2069 | D:4      | Killed Blork the orc
  2070 | D:4      | Reached skill level 4 in Fighting
  2070 | D:4      | Reached XP level 6. HP: 33/38 MP: 3/6
  2101 | D:4      | Found a broken altar of Ashenzari.
  2651 | D:4      | Found an ornate altar of the Wu Jian Council.
  2790 | D:4      | 2790 ||| UPGRADING to +0 pair of gloves.
  2795 | D:4      | 2795 ||| READING scroll labelled EXACINNICLI.
  2796 | D:4      | 2796 ||| READING scroll labelled YSHEROVOUN.
  2797 | D:4      | 2797 ||| DRINKING 3 fuming red potions.
  2901 | D:4      | 2901 ||| DROPPING 2 potions of berserk rage.
  2933 | D:5      | Entered Level 5 of the Dungeon
  2934 | D:5      | 2934 ||| INVOKING Heroism.
  2959 | D:5      | Found a hide-covered altar of Uskayaw.
  2965 | D:5      | Reached skill level 1 in Invocations
  2994 | D:5      | 2994 ||| INVOKING Heroism.
  2998 | D:5      | Reached XP level 7. HP: 43/43 MP: 5/8
  3006 | D:5      | 3006 ||| INVOKING Heroism.
  3006 | D:5      | HP: 10/43 [something (3)]
  3007 | D:5      | 3007 ||| READING scroll of teleportation.
  3009 | D:5      | 3009 ||| DRINKING 2 potions of curing.
  3009 | D:5      | 3009 ||| (to cure confusion)
  3154 | D:5      | Reached skill level 3 in Invocations
  3178 | D:5      | 3178 ||| INVOKING Heroism.
  3193 | D:5      | Reached XP level 8. HP: 33/48 MP: 9/11
  3195 | D:5      | HP: 10/48 [gnoll sergeant/+0 spear (4)]
  3197 | D:5      | 3197 ||| INVOKING Heroism.
  3455 | D:5      | 3455 ||| INVOKING Heroism.
  3460 | D:5      | 3460 ||| Stepping ~*~*~tactically~*~*~ (outnumbered).
  3466 | D:5      | 3466 ||| Stepping ~*~*~tactically~*~*~ (outnumbered).
  3470 | D:5      | Reached skill level 5 in Fighting
  3477 | D:5      | 3477 ||| INVOKING Heroism.
  3551 | D:5      | Noticed Prince Ribbit
  3552 | D:5      | 3552 ||| INVOKING Heroism.
  3562 | D:5      | Killed Prince Ribbit
  3563 | D:5      | Reached skill level 9 in Ranged Weapons
  3652 | D:5      | Found The Oracle's Delphic Readings.
  3687 | D:5      | Noticed Pikel
  3688 | D:5      | 3688 ||| FLEEEEING.
  3689 | D:5      | 3689 ||| FLEEEEING.
  3694 | D:5      | 3694 ||| INVOKING Heroism.
  3704 | D:5      | Killed Pikel
  3704 | D:5      | Reached ** piety under Okawaru
  3705 | D:5      | Reached skill level 7 in Fighting
  3705 | D:5      | Reached XP level 9. HP: 49/57 MP: 10/12
  3740 | D:5      | 3740 ||| BUYING scroll of enchant armour (82 gold).
  3740 | D:5      | Bought a scroll of enchant armour for 82 gold pieces
  3740 | D:5      | 3740 ||| BUYING scroll of identify (22 gold).
  3740 | D:5      | Bought a scroll of identify for 22 gold pieces
  3740 | D:5      | 3740 ||| READING scroll of enchant armour.
  3740 | D:5      | 3740 ||| ENCHANTING +0 pair of gloves.
  3884 | D:5      | 3884 ||| DROPPING amulet of magic regeneration.
  3885 | D:5      | 3885 ||| READING scroll labelled GEWNOE XAIMU.
  3886 | D:5      | 3886 ||| READING 2 scrolls of identify.
  3886 | D:5      | 3886 ||| IDENTIFYING lumpy red potion
  4023 | D:6      | Reached skill level 3 in Dodging
  4034 | D:6      | 4034 ||| INVOKING Heroism.
  4081 | D:6      | You fall into a shaft and drop 2 floors!
  4084 | D:8      | 4084 ||| UPGRADING to amulet of the acrobat.
  4455 | D:7      | Found a glowing golden altar of the Shining One.
  4529 | D:7      | 4529 ||| INVOKING Heroism.
  4636 | D:7      | Found a staircase to the Ecumenical Temple.
  4651 | D:7      | 4651 ||| INVOKING Heroism.
  4655 | D:7      | Reached skill level 3 in Armour
  4685 | D:7      | 4685 ||| INVOKING Heroism.
  4785 | D:7      | Noticed a hornet
  4791 | D:7      | 4791 ||| INVOKING Heroism.
  4793 | D:7      | Killed a hornet
  4979 | D:7      | 4979 ||| READING 2 scrolls of identify.
  4979 | D:7      | 4979 ||| IDENTIFYING fuming ruby potion
  5124 | D:6      | Found a radiant altar of Vehumet.
  5215 | D:6      | Found a transporter.
  5269 | D:6      | Found an opulent altar of Gozag.
  5369 | D:6      | Found a transporter.
  5466 | D:6      | 5466 ||| DRINKING 2 clear potions.
  5466 | D:6      | Gained mutation: You passively dampen the noise of your
                  | surroundings. [potion of mutation]
  5466 | D:6      | Gained mutation: Your muscles are strong. (Str +4, Int/Dex
                  | -1) [potion of mutation]
  5514 | D:7      | Reached XP level 10. HP: 63/63 MP: 13/13
  5545 | D:7      | Reached *** piety under Okawaru
  5741 | D:8      | 5741 ||| INVOKING Heroism.
  5745 | D:8      | Reached skill level 8 in Fighting
  5795 | D:8      | Noticed Joseph
  5798 | D:8      | 5798 ||| FLEEEEING.
  5799 | D:8      | 5799 ||| FLEEEEING.
  5805 | D:8      | 5805 ||| FLEEEEING.
  5806 | D:8      | 5806 ||| FLEEEEING.
  5807 | D:8      | 5807 ||| STAIRDANCE
  5895 | D:8      | Killed Joseph
  6129 | D:8      | Found a shimmering blue altar of Sif Muna.
  6140 | D:8      | Found a bloodstained altar of Trog.
  6141 | D:8      | 6141 ||| INVOKING Heroism.
  6232 | D:8      | Reached skill level 12 in Ranged Weapons
  6539 | D:8      | Found a sacrificial altar of Ru.
  6618 | D:9      | Reached **** piety under Okawaru
  6818 | D:9      | Found a blossoming altar of Fedhas.
  6957 | D:9      | 6957 ||| INVOKING Heroism.
  7517 | D:10     | Entered Level 10 of the Dungeon
  7562 | D:10     | 7562 ||| INVOKING Heroism.
  7627 | D:10     | 7627 ||| INVOKING Heroism.
  7634 | D:10     | 7634 ||| Stepping ~*~*~tactically~*~*~ (outnumbered).
  7646 | D:10     | Noticed a two-headed ogre
  7651 | D:10     | 7651 ||| INVOKING Heroism.
  7653 | D:10     | Killed a two-headed ogre
  7654 | D:10     | Reached XP level 11. HP: 28/68 MP: 12/15
  7741 | D:10     | 7741 ||| INVOKING Heroism.
  7802 | D:10     | Noticed a centaur warrior
  7809 | D:10     | Killed a centaur warrior
  7810 | D:10     | Reached skill level 6 in Invocations
  7887 | D:10     | 7887 ||| READING scroll of enchant armour.
  7887 | D:10     | 7887 ||| ENCHANTING +1 pair of gloves.
  7890 | D:10     | Noticed a cyclops
  7891 | D:10     | 7891 ||| INVOKING Heroism.
  7895 | D:10     | Killed a cyclops
  7896 | D:10     | Reached skill level 9 in Fighting
  7971 | D:10     | Noticed a cyclops
  7972 | D:10     | 7972 ||| INVOKING Heroism.
  7977 | D:10     | Killed a cyclops
  8015 | D:10     | Found a shadowy altar of Dithmenos.
  8167 | D:10     | 8167 ||| INVOKING Heroism.
  8168 | D:10     | 8168 ||| Stepping ~*~*~tactically~*~*~ (outnumbered).
  8181 | D:10     | 8181 ||| Stepping ~*~*~tactically~*~*~ (outnumbered).
  8183 | D:10     | 8183 ||| Stepping ~*~*~tactically~*~*~ (outnumbered).
  8189 | D:10     | 8189 ||| INVOKING Heroism.
  8191 | D:10     | 8191 ||| Stepping ~*~*~tactically~*~*~ (outnumbered).
  8222 | D:10     | Identified the +3 arbalest of Wiqic {penet, rF- Dex+3 SInv}
  8230 | D:10     | 8230 ||| SWAPPING to +3 arbalest of Wiqic {penet, rF- Dex+3
                  | SInv}.
  8507 | D:10     | 8507 ||| INVOKING Heroism.
  8558 | D:10     | 8558 ||| INVOKING Heroism.
  8604 | D:10     | 8604 ||| INVOKING Heroism.
  8672 | D:10     | Found a staircase to the Orcish Mines.
  8676 | D:10     | 8676 ||| DROPPING +1 arbalest.
  8742 | D:10     | Noticed a tengu warrior
  8744 | D:10     | 8744 ||| Stepping ~*~*~tactically~*~*~ (outnumbered).
  8750 | D:10     | 8750 ||| INVOKING Heroism.
  8751 | D:10     | 8751 ||| FLEEEEING.
  8755 | D:10     | 8755 ||| FLEEEEING.
  8756 | D:10     | 8756 ||| FLEEEEING.
  8757 | D:10     | 8757 ||| FLEEEEING.
  8760 | D:10     | Killed a tengu warrior
  8900 | D:10     | 8900 ||| UPGRADING to +0 steam dragon scales.
  8910 | D:10     | 8910 ||| DROPPING +0 ring mail.
  8911 | D:10     | 8911 ||| UPGRADING to +0 leather armour of fire resistance.
  8921 | D:10     | 8921 ||| READING scroll labelled OFEAT UFEO.
  8922 | D:10     | 8922 ||| DRINKING 3 fizzy coppery potions.
  8923 | D:10     | 8923 ||| DRINKING 3 metallic blue potions.
  8924 | D:10     | 8924 ||| DROPPING 2 potions of degeneration.
  9046 | D:11     | Noticed an oklob plant
  9047 | D:11     | 9047 ||| INVOKING Heroism.
  9050 | D:11     | Killed an oklob plant
  9079 | D:11     | Found a staircase to the Lair.
  9130 | D:11     | Noticed a two-headed ogre
  9131 | D:11     | 9131 ||| INVOKING Heroism.
  9133 | D:11     | Killed a two-headed ogre
  9482 | D:11     | Noticed a boulder beetle
  9483 | D:11     | 9483 ||| INVOKING Heroism.
  9492 | D:11     | Killed a boulder beetle
  9493 | D:11     | Reached skill level 9 in Invocations
  9493 | D:11     | Reached XP level 12. HP: 56/76 MP: 16/18
  9784 | D:11     | 9784 ||| PLANNING LAIR
  9784 | D:11     | 9784 ||| UPGRADING to +0 helmet.
  9789 | D:11     | 9789 ||| DROPPING +0 robe of fire resistance.
  9790 | D:11     | 9790 ||| UPGRADING to ring of willpower.
  9813 | Lair:1   | Entered Level 1 of the Lair of Beasts
  9874 | Lair:1   | 9874 ||| INVOKING Heroism.
 10032 | Lair:1   | Noticed a catoblepas
 10034 | Lair:1   | 10034 ||| INVOKING Heroism.
 10041 | Lair:1   | Killed a catoblepas
 10119 | Lair:1   | Noticed Gastronok
 10120 | Lair:1   | 10120 ||| INVOKING Heroism.
 10130 | Lair:1   | Killed Gastronok
 10130 | Lair:1   | Reached ***** piety under Okawaru
 10131 | Lair:1   | Reached skill level 10 in Fighting
 10134 | Lair:1   | Noticed Erica
 10135 | Lair:1   | 10135 ||| INVOKING Finesse.
 10143 | Lair:1   | Killed Erica
 10169 | Lair:1   | 10169 ||| INVOKING Heroism.
 10339 | Lair:1   | 10339 ||| INVOKING Heroism.
 10347 | Lair:1   | Noticed Grum
 10348 | Lair:1   | 10348 ||| INVOKING Finesse.
 10355 | Lair:1   | Killed Grum
 10358 | Lair:1   | Reached skill level 15 in Ranged Weapons
 10454 | Lair:1   | 10454 ||| INVOKING Heroism.
 10507 | Lair:1   | Received a gift from Okawaru
 10508 | Lair:1   | Reached skill level 6 in Dodging
 10558 | Lair:1   | 10558 ||| INVOKING Heroism.
 10912 | Lair:1   | 10912 ||| READING scroll labelled MEWITUM YSIR.
 10936 | Lair:2   | 10936 ||| STAIRDANCE
 11018 | Lair:2   | Reached XP level 13. HP: 83/83 MP: 20/20
 11040 | Lair:2   | 11040 ||| INVOKING Heroism.
 11049 | Lair:2   | Received a gift from Okawaru
 11097 | Lair:2   | 11097 ||| INVOKING Heroism.
 11098 | Lair:2   | 11098 ||| DROPPING ring of positive energy.
 11145 | Lair:2   | 11145 ||| INVOKING Heroism.
 11198 | Lair:2   | 11198 ||| INVOKING Heroism.
 11309 | Lair:2   | Found a staircase to the Snake Pit.
 11318 | Lair:2   | 11318 ||| INVOKING Heroism.
 11328 | Lair:2   | Reached skill level 11 in Fighting
 11489 | Lair:2   | 11489 ||| INVOKING Heroism.
 11619 | Lair:2   | 11619 ||| INVOKING Heroism.
 12298 | Lair:3   | Noticed Urug
 12299 | Lair:3   | 12299 ||| INVOKING Heroism.
 12300 | Lair:3   | 12300 ||| INVOKING Finesse.
 12312 | Lair:3   | Killed Urug
 12406 | Lair:3   | 12406 ||| INVOKING Heroism.
 12502 | Lair:3   | 12502 ||| INVOKING Heroism.
 12543 | Lair:3   | 12543 ||| INVOKING Heroism.
 12909 | Lair:3   | 12909 ||| READING scroll of acquirement.
 12909 | Lair:3   | 12909 ||| ACQUIRING +3 hat of the Tired Hells {MP+9 Int+3}
 12909 | Lair:3   | Acquired the +3 hat of the Tired Hells {MP+9 Int+3}
 12911 | Lair:3   | 12911 ||| DROPPING +0 steam dragon scales.
 13096 | Lair:3   | Found a staircase to the Swamp.
 13097 | Lair:3   | 13097 ||| INVOKING Heroism.
 13149 | Lair:3   | 13149 ||| UPGRADING to +0 troll leather armour.
 13159 | Lair:3   | 13159 ||| UPGRADING to +3 hat of the Tired Hells {MP+9
                  | Int+3}.
 13169 | Lair:3   | 13169 ||| DROPPING +0 helmet.
 13212 | Lair:3   | 13212 ||| DRINKING 2 lumpy orange potions.
 13296 | Lair:3   | 13296 ||| DROPPING potion of lignification.
 13351 | Lair:4   | 13351 ||| INVOKING Heroism.
 13390 | Lair:4   | 13390 ||| INVOKING Heroism.
 13517 | Lair:4   | Identified the +7 plate armour "Kohe" {Will+ Str+6 Int+3
                  | Dex+3}
 13524 | Lair:4   | 13524 ||| INVOKING Heroism.
 13549 | Lair:4   | Gained mutation: Your large and strong wings let you fly.
                  | [Gargoyle growth]
 13549 | Lair:4   | Reached XP level 14. HP: 90/90 MP: 21/21
 13581 | Lair:4   | 13581 ||| FLEEEEING.
 13582 | Lair:4   | 13582 ||| FLEEEEING.
 13583 | Lair:4   | 13583 ||| FLEEEEING.
 13584 | Lair:4   | 13584 ||| FLEEEEING.
 13595 | Lair:4   | 13595 ||| FLEEEEING.
 13596 | Lair:4   | 13596 ||| FLEEEEING.
 13597 | Lair:4   | 13597 ||| FLEEEEING.
 13598 | Lair:4   | 13598 ||| FLEEEEING.
 13599 | Lair:4   | 13599 ||| FLEEEEING.
 13600 | Lair:4   | 13600 ||| FLEEEEING.
 13601 | Lair:4   | 13601 ||| FLEEEEING.
 13602 | Lair:4   | 13602 ||| FLEEEEING.
 13603 | Lair:4   | 13603 ||| FLEEEEING.
 13604 | Lair:4   | 13604 ||| FLEEEEING.
 13605 | Lair:4   | 13605 ||| FLEEEEING.
 13606 | Lair:4   | 13606 ||| FLEEEEING.
 13613 | Lair:4   | 13613 ||| INVOKING Heroism.
 13614 | Lair:4   | 13614 ||| INVOKING Finesse.
 13629 | Lair:4   | Reached skill level 18 in Ranged Weapons
 14043 | Lair:4   | Identified the +6 great sword "Kecuiw" {heavy, Dex+7}
                  | (Okawaru gifted it to you on level 4 of the Lair of Beasts)
 14043 | Lair:4   | Received a gift from Okawaru
 14046 | Lair:4   | Noticed a dire elephant
 14047 | Lair:4   | 14047 ||| INVOKING Heroism.
 14062 | Lair:4   | Killed a dire elephant
 14063 | Lair:4   | Reached skill level 12 in Fighting
 14256 | Lair:4   | 14256 ||| READING 4 scrolls labelled KIAPPO SYHAYS.
 14257 | Lair:4   | 14257 ||| DRINKING 2 murky brown potions.
 14258 | Lair:4   | 14258 ||| DROPPING 3 scrolls of fog.
 14281 | Lair:5   | Entered Level 5 of the Lair of Beasts
 14282 | Lair:5   | 14282 ||| INVOKING Heroism.
 14283 | Lair:5   | 14283 ||| INVOKING Finesse.
 14358 | Lair:5   | 14358 ||| INVOKING Heroism.
 14359 | Lair:5   | 14359 ||| INVOKING Finesse.
 14460 | Lair:5   | 14460 ||| INVOKING Heroism.
 14485 | Lair:5   | Found a viscous altar of Jiyva.
 14485 | Lair:5   | Found a staircase to the Slime Pits.
 14677 | Lair:5   | 14677 ||| INVOKING Heroism.
 14700 | Lair:5   | Reached skill level 13 in Fighting
 14796 | Lair:5   | 14796 ||| Stepping ~*~*~tactically~*~*~ (cloud).
 14802 | Lair:5   | 14802 ||| FLEEEEING.
 14827 | Lair:5   | Reached skill level 6 in Armour
 14863 | Lair:5   | 14863 ||| FLEEEEING.
 14864 | Lair:5   | 14864 ||| FLEEEEING.
 14865 | Lair:5   | 14865 ||| FLEEEEING.
 14871 | Lair:5   | Received a gift from Okawaru
 14899 | Lair:5   | Found a corrupted altar of Lugonu.
 14899 | Lair:5   | Found a one-way gate to the infinite horrors of the Abyss.
 14904 | Lair:5   | Identified the +0 executioner's axe of Trog's Condemnation
                  | {heavy, Fly rC+ Dex+6}
 15067 | Lair:5   | Reached skill level 9 in Dodging
 15128 | Lair:5   | 15128 ||| INVOKING Heroism.
 15129 | Lair:5   | 15129 ||| INVOKING Finesse.
 15131 | Lair:5   | Reached XP level 15. HP: 98/98 MP: 22/22
 15184 | Lair:5   | Reached skill level 14 in Fighting
 15515 | Lair:5   | 15515 ||| PLANNING D
 15515 | Lair:5   | 15515 ||| DRINKING 2 bubbling green potions.
 15516 | Lair:5   | 15516 ||| READING 2 scrolls of identify.
 15516 | Lair:5   | 15516 ||| IDENTIFYING golden potion
 15517 | Lair:5   | 15517 ||| DROPPING potion of invisibility.
 15769 | D:12     | 15769 ||| Stepping ~*~*~tactically~*~*~ (outnumbered).
 15901 | D:12     | 15901 ||| Stepping ~*~*~tactically~*~*~ (outnumbered).
 15903 | D:12     | 15903 ||| Stepping ~*~*~tactically~*~*~ (outnumbered).
 15905 | D:12     | 15905 ||| Stepping ~*~*~tactically~*~*~ (outnumbered).
 15911 | D:12     | 15911 ||| Stepping ~*~*~tactically~*~*~ (outnumbered).
 15920 | D:12     | Found a frozen archway.
 16212 | D:12     | 16212 ||| READING scroll of acquirement.
 16212 | D:12     | 16212 ||| ACQUIRING +0 longbow of draining
 16212 | D:12     | Acquired a +0 longbow of draining
 16214 | D:12     | 16214 ||| SWAPPING to +0 longbow of draining.
 16215 | D:12     | 16215 ||| DROPPING +3 arbalest.
 16216 | D:12     | 16216 ||| READING 2 scrolls of enchant weapon.
 16216 | D:12     | 16216 ||| ENCHANTING +0 longbow of draining.
 16217 | D:12     | 16217 ||| READING scroll of enchant weapon.
 16217 | D:12     | 16217 ||| ENCHANTING +1 longbow of draining.
 16374 | D:12     | 16374 ||| UPGRADING to ring of see invisible.
 16376 | D:12     | 16376 ||| READING 2 scrolls of identify.
 16376 | D:12     | 16376 ||| IDENTIFYING cyan potion
 16377 | D:12     | 16377 ||| DROPPING potion of attraction.
 16411 | D:13     | 16411 ||| INVOKING Heroism.
 16412 | D:13     | 16412 ||| INVOKING Finesse.
 16496 | D:13     | Noticed Sonja
 16497 | D:13     | 16497 ||| INVOKING Finesse.
 16503 | D:13     | Killed Sonja
 16582 | D:13     | 16582 ||| INVOKING Heroism.
 16856 | D:13     | 16856 ||| Stepping ~*~*~tactically~*~*~ (outnumbered).
 17037 | D:13     | 17037 ||| INVOKING Heroism.
 17186 | D:13     | 17186 ||| DROPPING +2 robe of willpower.
 17187 | D:13     | 17187 ||| UPGRADING to amulet of reflection.
 17197 | D:13     | 17197 ||| DROPPING amulet of the acrobat.
 17198 | D:13     | 17198 ||| READING 3 scrolls of identify.
 17198 | D:13     | 17198 ||| IDENTIFYING emerald potion
 17199 | D:13     | 17199 ||| DROPPING potion of brilliance.
 17275 | D:14     | 17275 ||| Stepping ~*~*~tactically~*~*~ (outnumbered).
 17331 | D:14     | Noticed Nessos
 17332 | D:14     | 17332 ||| INVOKING Finesse.
 17337 | D:14     | Killed Nessos
 17376 | D:14     | 17376 ||| SWAPPING to +3 longbow of flaming.
 17377 | D:14     | 17377 ||| DROPPING +2 longbow of draining.
 17378 | D:14     | 17378 ||| DROPPING +3 arbalest of Wiqic {penet, rF- Dex+3
                  | SInv}.
 17401 | D:14     | 17401 ||| FLEEEEING.
 17402 | D:14     | 17402 ||| FLEEEEING.
 17403 | D:14     | 17403 ||| FLEEEEING.
 17404 | D:14     | 17404 ||| STAIRDANCE
 17438 | D:14     | 17438 ||| STAIRDANCE
 17441 | D:13     | Received a gift from Okawaru
 17581 | D:14     | Found an opulent altar of Gozag.
 17594 | D:14     | 17594 ||| FLEEEEING.
 17595 | D:14     | 17595 ||| FLEEEEING.
 17598 | D:14     | 17598 ||| FLEEEEING.
 17686 | D:14     | 17686 ||| INVOKING Heroism.
 17791 | D:14     | Noticed Azrael
 17792 | D:14     | 17792 ||| INVOKING Heroism.
 17793 | D:14     | 17793 ||| INVOKING Finesse.
 17797 | D:14     | 17797 ||| Stepping ~*~*~tactically~*~*~ (outnumbered).
 17831 | D:14     | Killed Azrael
 17896 | D:14     | Found a gate to the Vaults.
 17897 | D:14     | 17897 ||| INVOKING Heroism.
 18113 | D:14     | Identified the +3 ring mail "Ohidghist" {-Tele Drain rC+++
                  | rCorr} (Okawaru gifted it to you on level 14 of the
                  | Dungeon)
 18113 | D:14     | Received a gift from Okawaru
 18114 | D:14     | Reached XP level 16. HP: 94/107 MP: 23/23
 18161 | D:14     | 18161 ||| INVOKING Heroism.
 18209 | D:14     | 18209 ||| INVOKING Heroism.
 18228 | D:14     | Reached skill level 15 in Fighting
 18326 | D:14     | Found a glowing silver altar of Zin.
 18371 | D:15     | Entered Level 15 of the Dungeon
 18528 | D:15     | 18528 ||| INVOKING Heroism.
 18921 | D:15     | Found a staircase to the Depths.
 19033 | D:15     | 19033 ||| INVOKING Heroism.
 19041 | D:15     | 19041 ||| READING 10 scrolls of teleportation.
 19149 | D:15     | Reached skill level 16 in Fighting
 19190 | D:15     | Found Itsealla's Blood Bar.
 19378 | D:15     | 19378 ||| PLANNING ORC
 19378 | D:15     | 19378 ||| READING scroll labelled BIER POPEO.
 19610 | Orc:1    | Entered Level 1 of the Orcish Mines
 19690 | Orc:1    | 19690 ||| Stepping ~*~*~tactically~*~*~ (outnumbered).
 19796 | Orc:2    | Entered Level 2 of the Orcish Mines
 20111 | Orc:1    | Found Yrom's Book Boutique.
 20227 | Orc:2    | 20227 ||| INVOKING Heroism.
 20353 | Orc:2    | 20353 ||| Stepping ~*~*~tactically~*~*~ (outnumbered).
 20355 | Orc:2    | 20355 ||| Stepping ~*~*~tactically~*~*~ (outnumbered).
 20366 | Orc:2    | 20366 ||| Stepping ~*~*~tactically~*~*~ (outnumbered).
 20369 | Orc:2    | 20369 ||| INVOKING Heroism.
 20370 | Orc:2    | 20370 ||| Stepping ~*~*~tactically~*~*~ (outnumbered).
 20387 | Orc:2    | 20387 ||| INVOKING Heroism.
 20439 | Orc:2    | Found a staircase to the Elven Halls.
 20447 | Orc:2    | 20447 ||| INVOKING Heroism.
 20549 | Orc:2    | 20549 ||| INVOKING Heroism.
 20553 | Orc:2    | 20553 ||| Stepping ~*~*~tactically~*~*~ (outnumbered).
 20591 | Orc:2    | 20591 ||| READING scroll of enchant weapon.
 20591 | Orc:2    | 20591 ||| ENCHANTING +3 longbow of flaming.
 20603 | Orc:2    | 20603 ||| Stepping ~*~*~tactically~*~*~ (outnumbered).
 20709 | Orc:2    | Found Qorulel's Armour Boutique.
 20709 | Orc:2    | Found Bayweon Dugu's Distillery.
 20709 | Orc:2    | Found Lecves's Assorted Antiques.
 20712 | Orc:2    | Found Vat Tie's Antique Armour Shop.
 20717 | Orc:2    | 20717 ||| BUYING 2 potions of cancellation (208 gold).
 20717 | Orc:2    | Bought 2 potions of cancellation for 208 gold pieces
 20717 | Orc:2    | 20717 ||| BUYING 2 potions of might (104 gold).
 20717 | Orc:2    | Bought 2 potions of might for 104 gold pieces
 20717 | Orc:2    | 20717 ||| BUYING potion of curing (39 gold).
 20717 | Orc:2    | Bought a potion of curing for 39 gold pieces
 20717 | Orc:2    | 20717 ||| BUYING potion of curing (39 gold).
 20717 | Orc:2    | Bought a potion of curing for 39 gold pieces
 20717 | Orc:2    | 20717 ||| BUYING potion of haste (130 gold).
 20717 | Orc:2    | Bought a potion of haste for 130 gold pieces
 20717 | Orc:2    | 20717 ||| BUYING potion of heal wounds (65 gold).
 20717 | Orc:2    | Bought a potion of heal wounds for 65 gold pieces
 20717 | Orc:2    | 20717 ||| BUYING potion of heal wounds (65 gold).
 20717 | Orc:2    | Bought a potion of heal wounds for 65 gold pieces
 20719 | Orc:2    | 20719 ||| BUYING embroidered robe (103 gold).
 20719 | Orc:2    | Bought an embroidered robe for 103 gold pieces
 20719 | Orc:2    | 20719 ||| BUYING scroll of identify (56 gold).
 20719 | Orc:2    | Bought a scroll of identify for 56 gold pieces
 20719 | Orc:2    | 20719 ||| BUYING thick robe (159 gold).
 20719 | Orc:2    | Bought a thick robe for 159 gold pieces
 20719 | Orc:2    | Identified the +0 robe of Compression {Str+8 Slay+3} (You
                  | bought it in a shop on level 2 of the Orcish Mines)
 20724 | Orc:2    | 20724 ||| BUYING glowing helmet (150 gold).
 20724 | Orc:2    | Bought a glowing helmet for 150 gold pieces
 20724 | Orc:2    | 20724 ||| BUYING pair of runed gloves (150 gold).
 20724 | Orc:2    | Bought a pair of runed gloves for 150 gold pieces
 20724 | Orc:2    | 20724 ||| BUYING runed cloak (150 gold).
 20724 | Orc:2    | Bought a runed cloak for 150 gold pieces
 20724 | Orc:2    | 20724 ||| BUYING spiked helmet (190 gold).
 20724 | Orc:2    | Bought a spiked helmet for 190 gold pieces
 20724 | Orc:2    | Identified the +3 helmet of Impressiveness {rPois Dex+3}
                  | (You bought it in a shop on level 2 of the Orcish Mines)
 20725 | Orc:2    | 20725 ||| Stepping ~*~*~tactically~*~*~ (outnumbered).
 20730 | Orc:2    | 20730 ||| Stepping ~*~*~tactically~*~*~ (outnumbered).
 20806 | Orc:2    | 20806 ||| Stepping ~*~*~tactically~*~*~ (outnumbered).
 20808 | Orc:2    | 20808 ||| Stepping ~*~*~tactically~*~*~ (outnumbered).
 20810 | Orc:2    | 20810 ||| Stepping ~*~*~tactically~*~*~ (outnumbered).
 20813 | Orc:2    | 20813 ||| Stepping ~*~*~tactically~*~*~ (outnumbered).
 20825 | Orc:2    | Found a gateway to a bazaar.
 20826 | Orc:2    | 20826 ||| PLANNING BAZAAR
 20826 | Orc:2    | 20826 ||| DROPPING +2 robe of cold resistance.
 20827 | Orc:2    | 20827 ||| DROPPING +0 robe of Compression {Str+8 Slay+3}.
 20828 | Orc:2    | 20828 ||| UPGRADING to +2 helmet of see invisible.
 20838 | Orc:2    | 20838 ||| REMOVING ring of see invisible.
 20839 | Orc:2    | 20839 ||| DROPPING +1 pair of gloves.
 20840 | Orc:2    | 20840 ||| DROPPING +3 hat of the Tired Hells {MP+9 Int+3}.
 20841 | Orc:2    | 20841 ||| UPGRADING to +2 cloak of willpower.
 20846 | Orc:2    | 20846 ||| UPGRADING to +3 helmet of Impressiveness {rPois
                  | Dex+3}.
 20856 | Orc:2    | 20856 ||| DROPPING +2 helmet of see invisible.
 20857 | Orc:2    | 20857 ||| UPGRADING to +6 ring of strength.
 20858 | Orc:2    | 20858 ||| UPGRADING to ring of see invisible.
 20868 | Bazaar   | Entered a bazaar
 20873 | Bazaar   | Found Urrifrid's Jewellery Shop.
 20906 | Bazaar   | Found Qureum's Book Shop.
 20936 | Orc:2    | 20936 ||| PLANNING ORC
 21030 | Orc:2    | 21030 ||| PLANNING SNAKE:1-3
 21237 | Snake:1  | Entered Level 1 of the Snake Pit
 21237 | Snake:1  | Noticed Mlioglotl
 21238 | Snake:1  | 21238 ||| INVOKING Heroism.
 21239 | Snake:1  | 21239 ||| INVOKING Finesse.
 21247 | Snake:1  | Killed Mlioglotl
 21360 | Snake:1  | Noticed Louise
 21361 | Snake:1  | 21361 ||| INVOKING Heroism.
 21379 | Snake:1  | Killed Louise
 21449 | Snake:1  | 21449 ||| READING 2 scrolls of brand weapon.
 21449 | Snake:1  | 21449 ||| BRANDING +4 longbow of flaming.
 21450 | Snake:1  | 21450 ||| READING scroll of brand weapon.
 21450 | Snake:1  | 21450 ||| BRANDING +4 longbow of chaos.
 21522 | Snake:1  | Noticed Aizul
 21523 | Snake:1  | 21523 ||| INVOKING Heroism.
 21524 | Snake:1  | 21524 ||| INVOKING Finesse.
 21543 | Snake:1  | Killed Aizul
 21590 | Snake:1  | Found a blossoming altar of Fedhas.
 21662 | Snake:1  | 21662 ||| Stepping ~*~*~tactically~*~*~ (outnumbered).
 21664 | Snake:1  | 21664 ||| Stepping ~*~*~tactically~*~*~ (outnumbered).
 21666 | Snake:1  | 21666 ||| Stepping ~*~*~tactically~*~*~ (outnumbered).
 21718 | Snake:1  | Reached skill level 9 in Armour
 22106 | Snake:1  | 22106 ||| READING scroll of enchant weapon.
 22106 | Snake:1  | 22106 ||| ENCHANTING +4 longbow of electrocution.
 22177 | Snake:1  | 22177 ||| DROPPING +1 helmet of see invisible.
 22178 | Snake:1  | 22178 ||| DROPPING +1 helmet.
 22179 | Snake:1  | 22179 ||| DROPPING +6 ring of intelligence.
 22212 | Snake:2  | Reached XP level 17. HP: 116/116 MP: 24/24
 22236 | Snake:2  | 22236 ||| STAIRDANCE
 22238 | Snake:1  | 22238 ||| INVOKING Heroism.
 22382 | Snake:2  | Noticed Vashnia
 22383 | Snake:2  | 22383 ||| Stepping ~*~*~tactically~*~*~ (outnumbered).
 22388 | Snake:2  | 22388 ||| INVOKING Heroism.
 22389 | Snake:2  | 22389 ||| Stepping ~*~*~tactically~*~*~ (outnumbered).
 22400 | Snake:2  | Killed Vashnia
 22401 | Snake:2  | Reached skill level 17 in Fighting
 22411 | Snake:2  | 22411 ||| Stepping ~*~*~tactically~*~*~ (outnumbered).
 22414 | Snake:2  | 22414 ||| Stepping ~*~*~tactically~*~*~ (outnumbered).
 22418 | Snake:2  | 22418 ||| Stepping ~*~*~tactically~*~*~ (outnumbered).
 22425 | Snake:2  | 22425 ||| INVOKING Heroism.
 22426 | Snake:2  | 22426 ||| Stepping ~*~*~tactically~*~*~ (outnumbered).
 22430 | Snake:2  | 22430 ||| Stepping ~*~*~tactically~*~*~ (outnumbered).
 22434 | Snake:2  | 22434 ||| Stepping ~*~*~tactically~*~*~ (outnumbered).
 22444 | Snake:2  | Received a gift from Okawaru
 22611 | Snake:2  | 22611 ||| INVOKING Heroism.
 22681 | Snake:2  | 22681 ||| INVOKING Heroism.
 22728 | Snake:2  | Found Iwoupsy's Jewellery Shop.
 22735 | Snake:2  | Identified the +0 pair of boots of the Turtle {Str+3}
 22738 | Snake:2  | 22738 ||| SHOPLISTING +6 ring of dexterity (648 gold, have
                  | 533).
 22738 | Snake:2  | 22738 ||| SHOPLISTING amulet of faith (720 gold, have 533).
 22738 | Snake:2  | 22738 ||| SHOPLISTING ring "Uckaonka" {rF+ rN+ Will+} (777
                  | gold, have 533).
 22738 | Snake:2  | 22738 ||| BUYING ring of Leyhoxib {MP+9 Str-5 Dex+3 Stlth+}
                  | (460 gold).
 22738 | Snake:2  | Bought the ring of Leyhoxib {MP+9 Str-5 Dex+3 Stlth+} for
                  | 460 gold pieces
 22738 | Snake:2  | 22738 ||| SHOPLISTING ring of protection from cold (450
                  | gold, have 73).
 22796 | Snake:2  | Found Uschojen's Firing Range.
 22806 | Snake:2  | 22806 ||| SHOPLISTING +2 hand crossbow of flaming (274
                  | gold, have 93).
 22876 | Snake:2  | 22876 ||| DROPPING +0 pair of boots of the Turtle {Str+3}.
 22877 | Snake:2  | 22877 ||| DROPPING ring of willpower.
 22878 | Snake:2  | 22878 ||| DROPPING +6 ring of strength.
 22903 | Snake:3  | 22903 ||| Stepping ~*~*~tactically~*~*~ (outnumbered).
 22904 | Snake:3  | 22904 ||| Stepping ~*~*~tactically~*~*~ (outnumbered).
 22921 | Snake:3  | 22921 ||| INVOKING Heroism.
 22922 | Snake:3  | 22922 ||| Stepping ~*~*~tactically~*~*~ (outnumbered).
 22962 | Snake:3  | 22962 ||| Stepping ~*~*~tactically~*~*~ (outnumbered).
 22964 | Snake:3  | 22964 ||| Stepping ~*~*~tactically~*~*~ (outnumbered).
 22972 | Snake:3  | 22972 ||| INVOKING Heroism.
 22974 | Snake:3  | 22974 ||| Stepping ~*~*~tactically~*~*~ (outnumbered).
 22980 | Snake:3  | 22980 ||| Stepping ~*~*~tactically~*~*~ (outnumbered).
 23012 | Snake:3  | 23012 ||| INVOKING Heroism.
 23064 | Snake:3  | 23064 ||| READING scroll of enchant weapon.
 23064 | Snake:3  | 23064 ||| ENCHANTING +5 longbow of electrocution.
 23110 | Snake:3  | 23110 ||| INVOKING Heroism.
 23142 | Snake:3  | Reached skill level 18 in Fighting
 23234 | Snake:3  | Received a gift from Okawaru
 23265 | Snake:3  | 23265 ||| INVOKING Heroism.
 23266 | Snake:3  | 23266 ||| Stepping ~*~*~tactically~*~*~ (outnumbered).
 23447 | Snake:3  | Noticed Agnes
 23448 | Snake:3  | 23448 ||| INVOKING Heroism.
 23449 | Snake:3  | 23449 ||| INVOKING Finesse.
 23455 | Snake:3  | Killed Agnes
 23456 | Snake:3  | 23456 ||| Stepping ~*~*~tactically~*~*~ (outnumbered).
 23535 | Snake:3  | 23535 ||| READING scroll of acquirement.
 23535 | Snake:3  | 23535 ||| ACQUIRING +0 cloak of Untruth {rF+}
 23535 | Snake:3  | Acquired the +0 cloak of Untruth {rF+}
 23537 | Snake:3  | 23537 ||| DROPPING +2 animal skin.
 23922 | Snake:3  | 23922 ||| PLANNING SWAMP:1-3
 23922 | Snake:3  | 23922 ||| DROPPING ring of magical power.
 23923 | Snake:3  | 23923 ||| DROPPING ring of resist corrosion.
 24090 | Swamp:1  | Entered Level 1 of the Swamp
 24091 | Swamp:1  | 24091 ||| INVOKING Heroism.
 24117 | Swamp:1  | 24117 ||| READING scroll of enchant weapon.
 24117 | Swamp:1  | 24117 ||| ENCHANTING +6 longbow of electrocution.
 24177 | Swamp:1  | 24177 ||| INVOKING Heroism.
 24241 | Swamp:1  | 24241 ||| SWAPPING to +0 shortbow of flaming.
 24248 | Swamp:1  | 24248 ||| INVOKING Heroism.
 24254 | Swamp:1  | 24254 ||| SWAPPING to +7 longbow of electrocution.
 24257 | Swamp:1  | Reached skill level 12 in Dodging
 24257 | Swamp:1  | 24257 ||| Stepping ~*~*~tactically~*~*~ (cloud).
 24786 | Swamp:2  | 24786 ||| INVOKING Heroism.
 24789 | Swamp:2  | Noticed Kirke
 24810 | Swamp:2  | Killed Kirke
 24854 | Swamp:2  | Reached XP level 18. HP: 126/126 MP: 25/25
 24854 | Swamp:2  | 24854 ||| DROPPING +0 shortbow of flaming.
 24876 | Swamp:2  | Noticed Frances
 24877 | Swamp:2  | 24877 ||| INVOKING Heroism.
 24894 | Swamp:2  | Killed Frances
 24979 | Swamp:2  | Identified the +7 scale mail "Uned" {Str+7}
 25293 | Swamp:2  | 25293 ||| DROPPING ring of wizardry.
 25325 | Swamp:3  | 25325 ||| INVOKING Heroism.
 25468 | Swamp:3  | 25468 ||| INVOKING Heroism.
 25473 | Swamp:3  | Reached skill level 19 in Fighting
 25499 | Swamp:3  | Identified the ring of Dithmenos's Approval {+Blink Will+
                  | SInv}
 25531 | Swamp:3  | 25531 ||| FLEEEEING.
 25532 | Swamp:3  | 25532 ||| INVOKING Heroism.
 25574 | Swamp:3  | 25574 ||| INVOKING Heroism.
 25671 | Swamp:3  | 25671 ||| INVOKING Heroism.
 25779 | Swamp:3  | 25779 ||| PLANNING SNAKE:4
 25779 | Swamp:3  | 25779 ||| UPGRADING to ring of Dithmenos's Approval {+Blink
                  | Will+ SInv}.
 25781 | Swamp:3  | 25781 ||| DROPPING ring of see invisible.
 25966 | Snake:4  | Entered Level 4 of the Snake Pit
 25971 | Snake:4  | 25971 ||| Stepping ~*~*~tactically~*~*~ (outnumbered).
 25982 | Snake:4  | 25982 ||| INVOKING Heroism.
 26053 | Snake:4  | 26053 ||| INVOKING Heroism.
 26055 | Snake:4  | 26055 ||| Stepping ~*~*~tactically~*~*~ (outnumbered).
 26066 | Snake:4  | 26066 ||| Stepping ~*~*~tactically~*~*~ (outnumbered).
 26085 | Snake:4  | 26085 ||| READING 2 scrolls of acquirement.
 26085 | Snake:4  | 26085 ||| ACQUIRING amulet "Tiymuc" {Faith +Blink rF+ rN+
                  | Str+3}
 26085 | Snake:4  | Acquired the amulet "Tiymuc" {Faith +Blink rF+ rN+ Str+3}
 26087 | Snake:4  | 26087 ||| UPGRADING to amulet "Tiymuc" {Faith +Blink rF+
                  | rN+ Str+3}.
 26097 | Snake:4  | 26097 ||| READING scroll of acquirement.
 26097 | Snake:4  | 26097 ||| ACQUIRING +2 pair of boots of Fun and Games {+Inv
                  | rF++ Will- Stlth+}
 26097 | Snake:4  | Acquired the +2 pair of boots of Fun and Games {+Inv rF++
                  | Will- Stlth+}
 26152 | Snake:4  | 26152 ||| INVOKING Heroism.
 26156 | Snake:4  | 26156 ||| Stepping ~*~*~tactically~*~*~ (outnumbered).
 26164 | Snake:4  | 26164 ||| Stepping ~*~*~tactically~*~*~ (outnumbered).
 26195 | Snake:4  | 26195 ||| Stepping ~*~*~tactically~*~*~ (outnumbered).
 26195 | Snake:4  | Noticed Mara
 26196 | Snake:4  | 26196 ||| INVOKING Heroism.
 26215 | Snake:4  | Killed Mara
 26285 | Snake:4  | 26285 ||| Stepping ~*~*~tactically~*~*~ (outnumbered).
 26286 | Snake:4  | Noticed Saint Roka
 26287 | Snake:4  | 26287 ||| INVOKING Heroism.
 26288 | Snake:4  | 26288 ||| INVOKING Finesse.
 26289 | Snake:4  | 26289 ||| Stepping ~*~*~tactically~*~*~ (outnumbered).
 26313 | Snake:4  | Killed Saint Roka
 26377 | Snake:4  | 26377 ||| INVOKING Heroism.
 26482 | Snake:4  | 26482 ||| INVOKING Heroism.
 26514 | Snake:4  | 26514 ||| Stepping ~*~*~tactically~*~*~ (outnumbered).
 26516 | Snake:4  | 26516 ||| Stepping ~*~*~tactically~*~*~ (outnumbered).
 26518 | Snake:4  | 26518 ||| Stepping ~*~*~tactically~*~*~ (outnumbered).
 26520 | Snake:4  | 26520 ||| Stepping ~*~*~tactically~*~*~ (outnumbered).
 26530 | Snake:4  | Identified the +4 orcbow of the Tired Visions {flame,
                  | Fragile rF- rC+++ rN+++} (Okawaru gifted it to you on level
                  | 4 of the Snake Pit)
 26530 | Snake:4  | Received a gift from Okawaru
 26531 | Snake:4  | Reached skill level 20 in Fighting
 26547 | Snake:4  | 26547 ||| INVOKING Heroism.
 26573 | Snake:4  | 26573 ||| Stepping ~*~*~tactically~*~*~ (outnumbered).
 26580 | Snake:4  | 26580 ||| Stepping ~*~*~tactically~*~*~ (outnumbered).
 26607 | Snake:4  | 26607 ||| INVOKING Heroism.
 26627 | Snake:4  | Reached skill level 12 in Armour
 26638 | Snake:4  | 26638 ||| Stepping ~*~*~tactically~*~*~ (outnumbered).
 26643 | Snake:4  | 26643 ||| Stepping ~*~*~tactically~*~*~ (outnumbered).
 26645 | Snake:4  | 26645 ||| Stepping ~*~*~tactically~*~*~ (outnumbered).
 26647 | Snake:4  | 26647 ||| Stepping ~*~*~tactically~*~*~ (outnumbered).
 26648 | Snake:4  | 26648 ||| Stepping ~*~*~tactically~*~*~ (outnumbered).
 26651 | Snake:4  | 26651 ||| INVOKING Heroism.
 26660 | Snake:4  | 26660 ||| Stepping ~*~*~tactically~*~*~ (outnumbered).
 26676 | Snake:4  | Reached XP level 19. HP: 135/135 MP: 26/26
 26681 | Snake:4  | 26681 ||| INVOKING Heroism.
 26732 | Snake:4  | 26732 ||| INVOKING Heroism.
 26758 | Snake:4  | Got a serpentine rune of Zot
 26953 | Snake:4  | 26953 ||| PLANNING VAULTS:1-4
 27195 | Vaults:1 | Entered Level 1 of the Vaults
 27208 | Vaults:1 | Found Sauchiuk's Distillery.
 27214 | Vaults:1 | Found Tuimap's Antique Armour Shop.
 27221 | Vaults:1 | 27221 ||| READING scroll of enchant weapon.
 27221 | Vaults:1 | 27221 ||| ENCHANTING +7 longbow of electrocution.
 27224 | Vaults:1 | 27224 ||| BUYING potion of curing (57 gold).
 27224 | Vaults:1 | Bought a potion of curing for 57 gold pieces
 27224 | Vaults:1 | 27224 ||| BUYING potion of haste (190 gold).
 27224 | Vaults:1 | Bought a potion of haste for 190 gold pieces
 27224 | Vaults:1 | 27224 ||| BUYING potion of heal wounds (95 gold).
 27224 | Vaults:1 | Bought a potion of heal wounds for 95 gold pieces
 27224 | Vaults:1 | 27224 ||| BUYING potion of heal wounds (95 gold).
 27224 | Vaults:1 | Bought a potion of heal wounds for 95 gold pieces
 27224 | Vaults:1 | 27224 ||| SHOPLISTING potion of might (76 gold, have 37).
 27255 | Vaults:1 | 27255 ||| FLEEEEING.
 27256 | Vaults:1 | 27256 ||| FLEEEEING.
 27260 | Vaults:1 | 27260 ||| FLEEEEING.
 27261 | Vaults:1 | 27261 ||| FLEEEEING.
 27262 | Vaults:1 | 27262 ||| FLEEEEING.
 27263 | Vaults:1 | 27263 ||| FLEEEEING.
 27264 | Vaults:1 | 27264 ||| FLEEEEING.
 27350 | Vaults:1 | 27350 ||| READING scroll of brand weapon.
 27350 | Vaults:1 | 27350 ||| BRANDING +8 longbow of electrocution.
 27449 | Vaults:1 | Received a gift from Okawaru
 27452 | Vaults:1 | 27452 ||| INVOKING Finesse.
 27513 | Vaults:1 | Found Pasap's Weapon Emporium.
 27651 | Vaults:1 | Found Womaarer's Distillery.
 27662 | Vaults:1 | 27662 ||| SHOPLISTING potion of cancellation (120 gold,
                  | have 86).
 27662 | Vaults:1 | 27662 ||| BUYING potion of curing (45 gold).
 27662 | Vaults:1 | Bought a potion of curing for 45 gold pieces
 27662 | Vaults:1 | 27662 ||| SHOPLISTING potion of magic (120 gold, have 41).
 27662 | Vaults:1 | 27662 ||| SHOPLISTING potion of might (60 gold, have 41).
 27735 | Vaults:1 | 27735 ||| INVOKING Heroism.
 27921 | Vaults:1 | 27921 ||| INVOKING Finesse.
 27944 | Vaults:1 | 27944 ||| INVOKING Finesse.
 27979 | Vaults:1 | Found Veaphi's Distillery.
 27987 | Vaults:1 | 27987 ||| BUYING potion of curing (51 gold).
 27987 | Vaults:1 | Bought a potion of curing for 51 gold pieces
 27987 | Vaults:1 | 27987 ||| SHOPLISTING potion of heal wounds (85 gold, have
                  | 35).
 27987 | Vaults:1 | 27987 ||| SHOPLISTING potion of mutation (136 gold, have
                  | 35).
 28267 | Vaults:1 | 28267 ||| INVOKING Heroism.
 28268 | Vaults:1 | 28268 ||| INVOKING Finesse.
 28309 | Vaults:1 | 28309 ||| INVOKING Heroism.
 28324 | Vaults:1 | Reached skill level 21 in Fighting
 28353 | Vaults:1 | 28353 ||| DROPPING +0 pair of gloves of stealth.
 28467 | Vaults:2 | Found Hodemy's Armour Emporium.
 28538 | Vaults:2 | Noticed Sojobo
 28539 | Vaults:2 | 28539 ||| INVOKING Heroism.
 28542 | Vaults:2 | 28542 ||| Stepping ~*~*~tactically~*~*~ (outnumbered).
 28559 | Vaults:2 | Killed Sojobo
 28675 | Vaults:2 | 28675 ||| INVOKING Heroism.
 28727 | Vaults:2 | 28727 ||| INVOKING Heroism.
 28740 | Vaults:2 | HP: 30/139 [freezing wraith (11)]
 28741 | Vaults:2 | 28741 ||| READING 10 scrolls of teleportation.
 28742 | Vaults:2 | 28742 ||| DRINKING 10 potions of heal wounds.
 28748 | Vaults:2 | 28748 ||| FLEEEEING.
 28749 | Vaults:2 | 28749 ||| FLEEEEING.
 28750 | Vaults:2 | 28750 ||| FLEEEEING.
 28751 | Vaults:2 | 28751 ||| FLEEEEING.
 28756 | Vaults:2 | 28756 ||| FLEEEEING.
 28757 | Vaults:2 | 28757 ||| FLEEEEING.
 28758 | Vaults:2 | 28758 ||| FLEEEEING.
 28759 | Vaults:2 | 28759 ||| FLEEEEING.
 28760 | Vaults:2 | 28760 ||| FLEEEEING.
 28761 | Vaults:2 | 28761 ||| FLEEEEING.
 28854 | Vaults:2 | 28854 ||| READING scroll of brand weapon.
 28854 | Vaults:2 | 28854 ||| BRANDING +8 longbow of flaming.
 28871 | Vaults:2 | Reached skill level 22 in Fighting
 28908 | Vaults:2 | Received a gift from Okawaru
 29006 | Vaults:2 | Identified the +7 shortbow "Cohezol" {freeze, Str+2}
                  | (Okawaru gifted it to you on level 2 of the Vaults)
 29006 | Vaults:2 | Received a gift from Okawaru
 29136 | Vaults:2 | 29136 ||| Stepping ~*~*~tactically~*~*~ (outnumbered).
 29149 | Vaults:2 | 29149 ||| FLEEEEING.
 29150 | Vaults:2 | 29150 ||| FLEEEEING.
 29152 | Vaults:2 | 29152 ||| FLEEEEING.
 29153 | Vaults:2 | 29153 ||| FLEEEEING.
 29154 | Vaults:2 | 29154 ||| FLEEEEING.
 29155 | Vaults:2 | 29155 ||| FLEEEEING.
 29156 | Vaults:2 | 29156 ||| FLEEEEING.
 29157 | Vaults:2 | 29157 ||| FLEEEEING.
 29158 | Vaults:2 | 29158 ||| FLEEEEING.
 29159 | Vaults:2 | 29159 ||| FLEEEEING.
 29160 | Vaults:2 | 29160 ||| FLEEEEING.
 29161 | Vaults:2 | 29161 ||| FLEEEEING.
 29162 | Vaults:2 | 29162 ||| FLEEEEING.
 29163 | Vaults:2 | 29163 ||| FLEEEEING.
 29164 | Vaults:2 | 29164 ||| FLEEEEING.
 29165 | Vaults:2 | 29165 ||| FLEEEEING.
 29166 | Vaults:2 | 29166 ||| FLEEEEING.
 29167 | Vaults:2 | 29167 ||| FLEEEEING.
 29168 | Vaults:2 | 29168 ||| FLEEEEING.
 29206 | Vaults:2 | 29206 ||| FLEEEEING.
 29207 | Vaults:2 | 29207 ||| FLEEEEING.
 29208 | Vaults:2 | 29208 ||| FLEEEEING.
 29209 | Vaults:2 | 29209 ||| FLEEEEING.
 29210 | Vaults:2 | 29210 ||| FLEEEEING.
 29211 | Vaults:2 | 29211 ||| FLEEEEING.
 29252 | Vaults:2 | Identified the +1 ring mail "Ukhlage" {rF+ Int+2}
 29307 | Vaults:2 | Found a staircase to the Crypt.
 29307 | Vaults:2 | Found an ancient bone altar of Kikubaaqudgha.
 29308 | Vaults:2 | Found a basalt altar of Yredelemnul.
 29450 | Vaults:2 | 29450 ||| INVOKING Heroism.
 29455 | Vaults:2 | Reached XP level 20. HP: 106/145 MP: 25/27
 29711 | Vaults:2 | 29711 ||| DROPPING +0 leather armour of fire resistance.
 29712 | Vaults:2 | 29712 ||| DROPPING +1 ring mail of willpower.
 29795 | Vaults:3 | Found Hacauj's Armour Shoppe.
 29797 | Vaults:3 | 29797 ||| INVOKING Heroism.
 29798 | Vaults:3 | 29798 ||| INVOKING Finesse.
 30041 | Vaults:3 | 30041 ||| READING scroll of enchant weapon.
 30041 | Vaults:3 | 30041 ||| ENCHANTING +8 heavy longbow.
 30279 | Vaults:3 | 30279 ||| Stepping ~*~*~tactically~*~*~ (outnumbered).
 30289 | Vaults:3 | 30289 ||| Stepping ~*~*~tactically~*~*~ (outnumbered).
 30297 | Vaults:3 | Reached skill level 15 in Dodging
 30944 | Vaults:4 | Received a gift from Okawaru
 31251 | Vaults:4 | 31251 ||| Stepping ~*~*~tactically~*~*~ (outnumbered).
 31253 | Vaults:4 | Noticed a Brimstone Fiend
 31253 | Vaults:4 | 31253 ||| INVOKING Heroism.
 31254 | Vaults:4 | 31254 ||| INVOKING Finesse.
 31257 | Vaults:4 | 31257 ||| Stepping ~*~*~tactically~*~*~ (outnumbered).
 31331 | Vaults:4 | 31331 ||| FLEEEEING.
 31332 | Vaults:4 | 31332 ||| FLEEEEING.
 31333 | Vaults:4 | 31333 ||| FLEEEEING.
 31338 | Vaults:4 | 31338 ||| FLEEEEING.
 31339 | Vaults:4 | 31339 ||| FLEEEEING.
 31340 | Vaults:4 | 31340 ||| FLEEEEING.
 31341 | Vaults:4 | 31341 ||| FLEEEEING.
 31347 | Vaults:4 | 31347 ||| FLEEEEING.
 31348 | Vaults:4 | 31348 ||| FLEEEEING.
 31349 | Vaults:4 | 31349 ||| FLEEEEING.
 31350 | Vaults:4 | 31350 ||| FLEEEEING.
 31351 | Vaults:4 | 31351 ||| FLEEEEING.
 31352 | Vaults:4 | 31352 ||| FLEEEEING.
 31353 | Vaults:4 | 31353 ||| FLEEEEING.
 31354 | Vaults:4 | 31354 ||| FLEEEEING.
 31355 | Vaults:4 | 31355 ||| FLEEEEING.
 31356 | Vaults:4 | 31356 ||| FLEEEEING.
 31357 | Vaults:4 | 31357 ||| FLEEEEING.
 31358 | Vaults:4 | 31358 ||| FLEEEEING.
 31359 | Vaults:4 | 31359 ||| FLEEEEING.
 31360 | Vaults:4 | 31360 ||| FLEEEEING.
 31361 | Vaults:4 | 31361 ||| FLEEEEING.
 31362 | Vaults:4 | 31362 ||| FLEEEEING.
 31363 | Vaults:4 | 31363 ||| FLEEEEING.
 31364 | Vaults:4 | 31364 ||| FLEEEEING.
 31365 | Vaults:4 | 31365 ||| FLEEEEING.
 31366 | Vaults:4 | 31366 ||| FLEEEEING.
 31372 | Vaults:4 | 31372 ||| STAIRDANCE
 31474 | Vaults:3 | 31474 ||| DROPPING +0 helmet of see invisible.
 31524 | Vaults:4 | Found a runed translucent gate.
 31525 | Vaults:4 | Found a runed translucent gate.
 31525 | Vaults:4 | Found a runed translucent gate.
 31525 | Vaults:4 | Noticed qw's ghost (adept MiHu)
 31541 | Vaults:4 | 31541 ||| Stepping ~*~*~tactically~*~*~ (outnumbered).
 31549 | Vaults:4 | Reached skill level 23 in Fighting
 31696 | Vaults:4 | Noticed a golden dragon
 31697 | Vaults:4 | 31697 ||| INVOKING Heroism.
 31698 | Vaults:4 | 31698 ||| INVOKING Finesse.
 31700 | Vaults:4 | Killed a golden dragon
 31739 | Vaults:4 | Identified the ring of Zidemi {rElec Will- EV+5 Slay+4
                  | SInv}
 31799 | Vaults:4 | 31799 ||| Stepping ~*~*~tactically~*~*~ (outnumbered).
 31800 | Vaults:4 | 31800 ||| Stepping ~*~*~tactically~*~*~ (outnumbered).
 31836 | Vaults:4 | 31836 ||| Stepping ~*~*~tactically~*~*~ (outnumbered).
 31838 | Vaults:4 | 31838 ||| Stepping ~*~*~tactically~*~*~ (outnumbered).
 31841 | Vaults:4 | 31841 ||| Stepping ~*~*~tactically~*~*~ (outnumbered).
 31923 | Vaults:4 | Received a gift from Okawaru
 31938 | Vaults:4 | 31938 ||| READING scroll of brand weapon.
 31938 | Vaults:4 | 31938 ||| BRANDING +9 heavy longbow.
 31995 | Vaults:4 | 31995 ||| INVOKING Heroism.
 32211 | Vaults:4 | Found an iron altar of Okawaru.
 32215 | Vaults:4 | 32215 ||| PLANNING SWAMP:4
 32215 | Vaults:4 | 32215 ||| DROPPING ring of fire.
 32216 | Vaults:4 | 32216 ||| DROPPING ring of ice.
 32217 | Vaults:4 | 32217 ||| UPGRADING to ring of Zidemi {rElec Will- EV+5
                  | Slay+4 SInv}.
 32219 | Vaults:4 | 32219 ||| DROPPING ring of Leyhoxib {MP+9 Str-5 Dex+3
                  | Stlth+}.
 32614 | Swamp:4  | Entered Level 4 of the Swamp
 32669 | Swamp:4  | Reached XP level 21. HP: 153/153 MP: 28/28
 32793 | Swamp:4  | 32793 ||| Stepping ~*~*~tactically~*~*~ (outnumbered).
 32795 | Swamp:4  | 32795 ||| Stepping ~*~*~tactically~*~*~ (outnumbered).
 32898 | Swamp:4  | 32898 ||| Stepping ~*~*~tactically~*~*~ (outnumbered).
 32900 | Swamp:4  | 32900 ||| Stepping ~*~*~tactically~*~*~ (outnumbered).
 32902 | Swamp:4  | 32902 ||| Stepping ~*~*~tactically~*~*~ (outnumbered).
 33037 | Swamp:4  | 33037 ||| Stepping ~*~*~tactically~*~*~ (outnumbered).
 33048 | Swamp:4  | 33048 ||| Stepping ~*~*~tactically~*~*~ (outnumbered).
 33051 | Swamp:4  | 33051 ||| Stepping ~*~*~tactically~*~*~ (outnumbered).
 33063 | Swamp:4  | 33063 ||| Stepping ~*~*~tactically~*~*~ (outnumbered).
 33065 | Swamp:4  | 33065 ||| Stepping ~*~*~tactically~*~*~ (outnumbered).
 33096 | Swamp:4  | Identified the +1 pair of gloves of the Worm {Rampage Drain
                  | rC+ Dex+2} (Okawaru gifted it to you on level 4 of the
                  | Swamp)
 33096 | Swamp:4  | Received a gift from Okawaru
 33163 | Swamp:4  | Got a decaying rune of Zot
 33204 | Swamp:4  | 33204 ||| PLANNING DEPTHS
 33204 | Swamp:4  | 33204 ||| UPGRADING to +1 pair of gloves of the Worm
                  | {Rampage Drain rC+ Dex+2}.
 33214 | Swamp:4  | 33214 ||| DROPPING +2 pair of gloves.
 33215 | Swamp:4  | 33215 ||| READING 14 scrolls of identify.
 33215 | Swamp:4  | 33215 ||| IDENTIFYING sapphire potion
 33216 | Swamp:4  | 33216 ||| DROPPING potion of ambrosia.
 33503 | Depths:1 | Entered Level 1 of the Depths
 33517 | Depths:1 | 33517 ||| STAIRDANCE
 33583 | Depths:1 | 33583 ||| INVOKING Heroism.
 33584 | Depths:1 | 33584 ||| INVOKING Finesse.
 33619 | Depths:1 | Found a one-way gateway to a ziggurat.
 33644 | Depths:1 | 33644 ||| INVOKING Heroism.
 33645 | Depths:1 | 33645 ||| INVOKING Finesse.
 33827 | Depths:1 | Found the +9 scales of the Dragon King {rPois rF+ rC+
                  | Will+}
 33871 | Depths:1 | Found a gateway to Hell.
 33924 | Depths:1 | 33924 ||| Stepping ~*~*~tactically~*~*~ (outnumbered).
 34043 | Depths:1 | Found an iron altar of Okawaru.
 34089 | Depths:1 | Found Uxieter's Book Boutique.
 34107 | Depths:1 | 34107 ||| READING scroll labelled DYESAJ GYGI.
 34223 | Depths:1 | Found a hide-covered altar of Uskayaw.
 34227 | Depths:1 | 34227 ||| DRINKING 21 potions of curing.
 34227 | Depths:1 | 34227 ||| (to cure confusion)
 34241 | Depths:1 | 34241 ||| INVOKING Finesse.
 34264 | Depths:1 | Reached skill level 18 in Dodging
 34291 | Depths:1 | Identified the +0 pair of gloves of Refuge {rElec rF+++
                  | Will- rCorr} (Okawaru gifted it to you on level 1 of the
                  | Depths)
 34291 | Depths:1 | Received a gift from Okawaru
 34368 | Depths:1 | 34368 ||| INVOKING Finesse.
 34643 | Depths:2 | 34643 ||| INVOKING Heroism.
 34644 | Depths:2 | 34644 ||| INVOKING Finesse.
 34694 | Depths:2 | 34694 ||| INVOKING Finesse.
 34764 | Depths:2 | 34764 ||| INVOKING Heroism.
 34765 | Depths:2 | 34765 ||| INVOKING Finesse.
 34896 | Depths:2 | Noticed a caustic shrike
 34896 | Depths:2 | Noticed a caustic shrike
 34896 | Depths:2 | Noticed a juggernaut
 34897 | Depths:2 | 34897 ||| INVOKING Heroism.
 34903 | Depths:2 | Noticed a caustic shrike
 34905 | Depths:2 | Noticed a caustic shrike
 34915 | Depths:2 | 34915 ||| Stepping ~*~*~tactically~*~*~ (outnumbered).
 34922 | Depths:2 | 34922 ||| Stepping ~*~*~tactically~*~*~ (outnumbered).
 34926 | Depths:2 | 34926 ||| READING 11 scrolls of teleportation.
 34928 | Depths:2 | HP: 34/155 [acid (10)]
 34929 | Depths:2 | 34929 ||| DRINKING 9 potions of heal wounds.
 35013 | Depths:2 | 35013 ||| INVOKING Heroism.
 35023 | Depths:2 | Reached XP level 22. HP: 161/161 MP: 27/29
 35116 | Depths:2 | Reached skill level 24 in Fighting
 35166 | Depths:2 | 35166 ||| INVOKING Heroism.
 35210 | Depths:2 | 35210 ||| Stepping ~*~*~tactically~*~*~ (outnumbered).
 35212 | Depths:2 | 35212 ||| Stepping ~*~*~tactically~*~*~ (outnumbered).
 35224 | Depths:2 | 35224 ||| INVOKING Heroism.
 35285 | Depths:2 | 35285 ||| INVOKING Heroism.
 35322 | Depths:2 | 35322 ||| Stepping ~*~*~tactically~*~*~ (outnumbered).
 35324 | Depths:2 | 35324 ||| Stepping ~*~*~tactically~*~*~ (outnumbered).
 35329 | Depths:2 | Reached skill level 15 in Armour
 35333 | Depths:2 | 35333 ||| INVOKING Heroism.
 35498 | Depths:2 | 35498 ||| INVOKING Heroism.
 35507 | Depths:2 | Killed a caustic shrike
 35514 | Depths:2 | Killed a caustic shrike
 35529 | Depths:2 | 35529 ||| Stepping ~*~*~tactically~*~*~ (outnumbered).
 35536 | Depths:2 | 35536 ||| INVOKING Finesse.
 35549 | Depths:2 | 35549 ||| INVOKING Heroism.
 35550 | Depths:2 | Killed a caustic shrike
 35592 | Depths:2 | 35592 ||| INVOKING Heroism.
 35600 | Depths:2 | Killed a juggernaut
 35615 | Depths:2 | Found Tybinaot's Jewellery Boutique.
 35618 | Depths:2 | 35618 ||| SHOPLISTING ring of Zuesox {AC+4 Str+5 Int-4 SInv
                  | Stlth+} (1094 gold, have 951).
 35677 | Depths:2 | 35677 ||| Stepping ~*~*~tactically~*~*~ (outnumbered).
 35684 | Depths:2 | 35684 ||| Stepping ~*~*~tactically~*~*~ (outnumbered).
 35811 | Depths:2 | 35811 ||| INVOKING Heroism.
 35813 | Depths:2 | 35813 ||| Stepping ~*~*~tactically~*~*~ (outnumbered).
 35814 | Depths:2 | Paralysed by an orc sorcerer for 2 turns
 35817 | Depths:2 | 35817 ||| Stepping ~*~*~tactically~*~*~ (outnumbered).
 35818 | Depths:2 | 35818 ||| Stepping ~*~*~tactically~*~*~ (outnumbered).
 35821 | Depths:2 | 35821 ||| Stepping ~*~*~tactically~*~*~ (outnumbered).
 35853 | Depths:2 | Reached skill level 25 in Fighting
 35854 | Depths:2 | 35854 ||| FLEEEEING.
 35856 | Depths:2 | 35856 ||| FLEEEEING.
 35858 | Depths:2 | 35858 ||| FLEEEEING.
 35899 | Depths:2 | 35899 ||| INVOKING Heroism.
 35901 | Depths:2 | 35901 ||| INVOKING Finesse.
 35906 | Depths:2 | Killed a caustic shrike
 35959 | Depths:2 | Identified the ring "Fuqunac" {Str+3 Int+6}
 36039 | Depths:2 | Found a one-way gate leading to the halls of Pandemonium.
 36040 | Depths:2 | 36040 ||| Stepping ~*~*~tactically~*~*~ (outnumbered).
 36138 | Depths:2 | 36138 ||| DROPPING +1 pair of gloves.
 36139 | Depths:2 | 36139 ||| DROPPING +0 pair of gloves of strength.
 36140 | Depths:2 | 36140 ||| DROPPING +2 leather armour of cold resistance.
 36141 | Depths:2 | 36141 ||| DROPPING ring "Fuqunac" {Str+3 Int+6}.
 36180 | Depths:3 | Found Xud Qots's Weapon Shop.
 36289 | Depths:3 | 36289 ||| INVOKING Heroism.
 36290 | Depths:3 | 36290 ||| INVOKING Finesse.
 36359 | Depths:3 | 36359 ||| INVOKING Heroism.
 36360 | Depths:3 | 36360 ||| INVOKING Finesse.
 36480 | Depths:3 | You are sucked into a shaft and drop 1 floor!
 36480 | Depths:4 | Entered Level 4 of the Depths
 36509 | Depths:4 | 36509 ||| INVOKING Heroism.
 36536 | Depths:4 | Gained mutation: Potions are less effective at restoring
                  | your health. [mutagenic glow]
 36552 | Depths:4 | Gained mutation: You occasionally lose the ability to read
                  | scrolls when taking damage. [mutagenic glow]
 36553 | Depths:4 | 36553 ||| DRINKING 4 potions of mutation.
 36553 | Depths:4 | Lost mutation: Your muscles are strong. (Str +4, Int/Dex
                  | -1) [potion of mutation]
 36553 | Depths:4 | Lost mutation: You occasionally lose the ability to read
                  | scrolls when taking damage. [potion of mutation]
 36553 | Depths:4 | Lost mutation: Potions are less effective at restoring your
                  | health. [potion of mutation]
 36553 | Depths:4 | Gained mutation: Your movements are slightly less
                  | encumbered by armour. (ER -2) [potion of mutation]
 36553 | Depths:4 | Gained mutation: Your spells are a little harder to cast,
                  | but a little more powerful. [potion of mutation]
 36581 | Depths:3 | Gained mutation: You sometimes lose your temper in combat.
                  | [mutagenic glow]
 36586 | Depths:3 | 36586 ||| INVOKING Heroism.
 36597 | Depths:3 | 36597 ||| DRINKING 3 potions of mutation.
 36597 | Depths:3 | Lost mutation: You sometimes lose your temper in combat.
                  | [potion of mutation]
 36597 | Depths:3 | Lost mutation: Your movements are slightly less encumbered
                  | by armour. (ER -2) [potion of mutation]
 36597 | Depths:3 | Lost mutation: Your spells are a little harder to cast, but
                  | a little more powerful. [potion of mutation]
 36597 | Depths:3 | Gained mutation: You occasionally lose the ability to drink
                  | potions when taking damage. [potion of mutation]
 36598 | Depths:3 | 36598 ||| DRINKING 2 potions of mutation.
 36598 | Depths:3 | Lost mutation: You occasionally lose the ability to drink
                  | potions when taking damage. [potion of mutation]
 36598 | Depths:3 | Lost mutation: You passively dampen the noise of your
                  | surroundings. [potion of mutation]
 36598 | Depths:3 | Gained mutation: Your magical capacity is low. (-10% MP)
                  | [potion of mutation]
 36598 | Depths:3 | Gained mutation: You are vulnerable to cold. (rC-) [potion
                  | of mutation]
 36657 | Depths:3 | 36657 ||| INVOKING Heroism.
 36814 | Depths:3 | 36814 ||| INVOKING Heroism.
 36906 | Depths:3 | 36906 ||| INVOKING Heroism.
 37065 | Depths:3 | 37065 ||| INVOKING Finesse.
 37106 | Depths:3 | Noticed a golden dragon
 37107 | Depths:3 | 37107 ||| INVOKING Heroism.
 37119 | Depths:3 | Killed a golden dragon
 37348 | Depths:3 | Found a portal to a secret trove of treasure.
 37349 | Depths:3 | 37349 ||| UPGRADING to +5 ring of evasion.
 37351 | Depths:3 | 37351 ||| DROPPING +4 ring of slaying {mikee}.
 37389 | Depths:4 | 37389 ||| INVOKING Heroism.
 37405 | Depths:4 | Reached XP level 23. HP: 166/170 MP: 27/27
 37504 | Depths:4 | 37504 ||| INVOKING Heroism.
 37505 | Depths:4 | 37505 ||| Stepping ~*~*~tactically~*~*~ (outnumbered).
 37550 | Depths:4 | 37550 ||| DRINKING 6 potions of cancellation.
 37791 | Depths:4 | Found a sparkling altar of Nemelex Xobeh.
 37840 | Depths:4 | Identified the +0 chain mail "Limoot" {Str+3 Stlth+}
 38112 | Depths:4 | Noticed a golden dragon
 38114 | Depths:4 | Found a gate to the Realm of Zot.
 38144 | Depths:4 | 38144 ||| INVOKING Heroism.
 38145 | Depths:4 | 38145 ||| INVOKING Finesse.
 38151 | Depths:4 | Killed a golden dragon
 38333 | Depths:4 | 38333 ||| PLANNING VAULTS:5
 38625 | Vaults:5 | Entered Level 5 of the Vaults
 38628 | Vaults:5 | 38628 ||| INVOKING Heroism.
 38629 | Vaults:5 | 38629 ||| INVOKING Finesse.
 38646 | Vaults:5 | Reached skill level 26 in Fighting
 38661 | Vaults:5 | Noticed an ancient lich
 38664 | Vaults:5 | 38664 ||| STAIRDANCE
 38683 | Vaults:4 | HP: 39/172 [vault guard/+0 battleaxe (17)]
 38684 | Vaults:4 | 38684 ||| READING 10 scrolls of teleportation.
 38685 | Vaults:4 | 38685 ||| DRINKING 9 potions of heal wounds.
 38693 | Vaults:4 | 38693 ||| INVOKING Heroism.
 38862 | Vaults:5 | 38862 ||| INVOKING Heroism.
 38863 | Vaults:5 | 38863 ||| INVOKING Finesse.
 38902 | Vaults:5 | Killed an ancient lich
 38911 | Vaults:5 | Noticed an ancient lich
 38923 | Vaults:5 | HP: 41/172 [ettin/+0 dire flail (9)]
 38924 | Vaults:5 | 38924 ||| READING 9 scrolls of teleportation.
 38925 | Vaults:5 | 38925 ||| DRINKING 8 potions of heal wounds.
 38933 | Vaults:5 | 38933 ||| INVOKING Heroism.
 38950 | Vaults:5 | HP: 38/172 [fire giant/+2 great sword of flaming (13)]
 38951 | Vaults:5 | 38951 ||| READING 8 scrolls of teleportation.
 38952 | Vaults:5 | 38952 ||| DRINKING 7 potions of heal wounds.
 38953 | Vaults:5 | 38953 ||| DRINKING 6 potions of heal wounds.
 39037 | Vaults:5 | 39037 ||| INVOKING Heroism.
 39038 | Vaults:5 | 39038 ||| INVOKING Finesse.
 39082 | Vaults:5 | Got a silver rune of Zot
 39092 | Vaults:5 | 39092 ||| INVOKING Heroism.
 39093 | Vaults:5 | 39093 ||| INVOKING Finesse.
 39100 | Vaults:5 | Killed an ancient lich
 39149 | Vaults:5 | 39149 ||| INVOKING Heroism.
 39155 | Vaults:5 | 39155 ||| Stepping ~*~*~tactically~*~*~ (outnumbered).
 39165 | Vaults:5 | 39165 ||| Stepping ~*~*~tactically~*~*~ (outnumbered).
 39196 | Vaults:5 | Identified the +6 orcbow of Doomed Cruel Justice {freeze,
                  | rElec rN+ Str-2 Int+6}
 39196 | Vaults:5 | Identified the ring of Numacas {rF+ rN+ Int+2 Dex-4 Slay+3}
 39243 | Vaults:5 | 39243 ||| INVOKING Heroism.
 39244 | Vaults:5 | 39244 ||| INVOKING Finesse.
 39363 | Vaults:5 | 39363 ||| INVOKING Finesse.
 39369 | Vaults:5 | Identified the +8 chain mail of Okawaru's Inspiration
                  | {Rampage Str+2 Int+3} (Okawaru gifted it to you on level 5
                  | of the Vaults)
 39369 | Vaults:5 | Received a gift from Okawaru
 39397 | Vaults:5 | Reached XP level 24. HP: 180/180 MP: 24/27
 39425 | Vaults:5 | 39425 ||| INVOKING Heroism.
 39685 | Vaults:5 | 39685 ||| INVOKING Heroism.
 39840 | Vaults:5 | 39840 ||| INVOKING Heroism.
 39855 | Vaults:5 | 39855 ||| Stepping ~*~*~tactically~*~*~ (outnumbered).
 39856 | Vaults:5 | 39856 ||| Stepping ~*~*~tactically~*~*~ (outnumbered).
 39877 | Vaults:5 | 39877 ||| Stepping ~*~*~tactically~*~*~ (outnumbered).
 40187 | Vaults:5 | Identified the +8 broad axe "Ufeaheopp" {pain, Drain rC+
                  | Str+4}
 40297 | Vaults:5 | 40297 ||| PLANNING SHOPPING SPREE
 40297 | Vaults:5 | 40297 ||| DROPPING +2 leather armour of willpower.
 40436 | Vaults:1 | 40436 ||| BUYING potion of cancellation (120 gold).
 40436 | Vaults:1 | Bought a potion of cancellation for 120 gold pieces
 40436 | Vaults:1 | 40436 ||| BUYING potion of magic (120 gold).
 40436 | Vaults:1 | Bought a potion of magic for 120 gold pieces
 40436 | Vaults:1 | 40436 ||| BUYING potion of might (60 gold).
 40436 | Vaults:1 | Bought a potion of might for 60 gold pieces
 40459 | Vaults:1 | 40459 ||| BUYING potion of might (76 gold).
 40459 | Vaults:1 | Bought a potion of might for 76 gold pieces
 40495 | Vaults:1 | 40495 ||| BUYING potion of heal wounds (85 gold).
 40495 | Vaults:1 | Bought a potion of heal wounds for 85 gold pieces
 40495 | Vaults:1 | 40495 ||| BUYING potion of heal wounds (85 gold).
 40495 | Vaults:1 | Bought a potion of heal wounds for 85 gold pieces
 40495 | Vaults:1 | 40495 ||| BUYING potion of mutation (136 gold).
 40495 | Vaults:1 | Bought a potion of mutation for 136 gold pieces
 40753 | Snake:2  | 40753 ||| BUYING +6 ring of dexterity (648 gold).
 40753 | Snake:2  | Bought a +6 ring of dexterity for 648 gold pieces
 40753 | Snake:2  | 40753 ||| BUYING ring "Uckaonka" {rF+ rN+ Will+} (777
                  | gold).
 40753 | Snake:2  | Bought the ring "Uckaonka" {rF+ rN+ Will+} for 777 gold
                  | pieces
 40753 | Snake:2  | 40753 ||| DROPPING ring of Dithmenos's Approval {+Blink
                  | Will+ SInv}.
 40754 | Snake:2  | 40754 ||| DROPPING ring of protection from fire.
 40755 | Snake:2  | 40755 ||| UPGRADING to +6 ring of dexterity.
 40757 | Snake:2  | 40757 ||| DROPPING +5 ring of evasion.
 40758 | Snake:2  | 40758 ||| CLEARING SHOPPING LIST
 40758 | Snake:2  | 40758 ||| PLANNING ZOT:1-4
 41005 | Depths:3 | 41005 ||| PLANNING DEPTHS
 41021 | Depths:4 | 41021 ||| PLANNING ZOT:1-4
 41021 | Depths:4 | 41021 ||| UPGRADING to +0 pair of gloves of Refuge {rElec
                  | rF+++ Will- rCorr}.
 41128 | Zot:1    | Entered Level 1 of the Realm of Zot
 41129 | Zot:1    | 41129 ||| READING 6 scrolls of enchant armour.
 41129 | Zot:1    | 41129 ||| ENCHANTING +0 troll leather armour.
 41130 | Zot:1    | 41130 ||| READING 5 scrolls of enchant armour.
 41130 | Zot:1    | 41130 ||| ENCHANTING +1 troll leather armour.
 41131 | Zot:1    | 41131 ||| READING 4 scrolls of enchant armour.
 41131 | Zot:1    | 41131 ||| ENCHANTING +2 troll leather armour.
 41132 | Zot:1    | 41132 ||| READING 3 scrolls of enchant armour.
 41132 | Zot:1    | 41132 ||| ENCHANTING +3 troll leather armour.
 41147 | Zot:1    | 41147 ||| INVOKING Heroism.
 41187 | Zot:1    | 41187 ||| Stepping ~*~*~tactically~*~*~ (outnumbered).
 41216 | Zot:1    | 41216 ||| INVOKING Heroism.
 41231 | Zot:1    | 41231 ||| INVOKING Heroism.
 41412 | Zot:1    | 41412 ||| INVOKING Heroism.
 41585 | Zot:1    | 41585 ||| INVOKING Heroism.
 41748 | Zot:1    | 41748 ||| DROPPING +1 ring mail "Ukhlage" {rF+ Int+2}.
 41749 | Zot:1    | 41749 ||| DROPPING +3 leather armour of cold resistance.
 41801 | Zot:2    | 41801 ||| INVOKING Heroism.
 41903 | Zot:2    | 41903 ||| INVOKING Heroism.
 41913 | Zot:2    | Identified the +1 pair of gloves of Marbles {rC+ Dex+3}
                  | (Okawaru gifted it to you on level 2 of the Realm of Zot)
 41913 | Zot:2    | Received a gift from Okawaru
 41962 | Zot:2    | 41962 ||| INVOKING Heroism.
 41968 | Zot:2    | Reached skill level 21 in Dodging
 42002 | Zot:2    | 42002 ||| Stepping ~*~*~tactically~*~*~ (outnumbered).
 42006 | Zot:2    | 42006 ||| Stepping ~*~*~tactically~*~*~ (outnumbered).
 42011 | Zot:2    | 42011 ||| Stepping ~*~*~tactically~*~*~ (outnumbered).
 42019 | Zot:2    | 42019 ||| INVOKING Heroism.
 42080 | Zot:2    | 42080 ||| Stepping ~*~*~tactically~*~*~ (outnumbered).
 42093 | Zot:2    | 42093 ||| INVOKING Heroism.
 42289 | Zot:2    | Reached skill level 27 in Fighting
 42529 | Zot:2    | 42529 ||| DROPPING +1 pair of gloves of the Worm {Rampage
                  | Drain rC+ Dex+2}.
 42530 | Zot:2    | 42530 ||| UPGRADING to +1 pair of gloves of Marbles {rC+
                  | Dex+3}.
 42569 | Zot:3    | Noticed a Killer Klown
 42570 | Zot:3    | 42570 ||| INVOKING Heroism.
 42571 | Zot:3    | 42571 ||| INVOKING Finesse.
 42583 | Zot:3    | Killed a Killer Klown
 42637 | Zot:3    | 42637 ||| Stepping ~*~*~tactically~*~*~ (outnumbered).
 42639 | Zot:3    | 42639 ||| Stepping ~*~*~tactically~*~*~ (outnumbered).
 42714 | Zot:3    | 42714 ||| INVOKING Heroism.
 42719 | Zot:3    | 42719 ||| Stepping ~*~*~tactically~*~*~ (outnumbered).
 42721 | Zot:3    | 42721 ||| Stepping ~*~*~tactically~*~*~ (outnumbered).
 42856 | Zot:3    | 42856 ||| INVOKING Heroism.
 42910 | Zot:3    | 42910 ||| INVOKING Heroism.
 43003 | Zot:3    | Noticed a curse toe
 43004 | Zot:3    | 43004 ||| INVOKING Heroism.
 43009 | Zot:3    | Killed a curse toe
 43019 | Zot:3    | 43019 ||| Stepping ~*~*~tactically~*~*~ (outnumbered).
 43020 | Zot:3    | 43020 ||| Stepping ~*~*~tactically~*~*~ (outnumbered).
 43022 | Zot:3    | 43022 ||| Stepping ~*~*~tactically~*~*~ (outnumbered).
 43024 | Zot:3    | 43024 ||| Stepping ~*~*~tactically~*~*~ (outnumbered).
 43026 | Zot:3    | 43026 ||| Stepping ~*~*~tactically~*~*~ (outnumbered).
 43028 | Zot:3    | 43028 ||| Stepping ~*~*~tactically~*~*~ (outnumbered).
 43035 | Zot:3    | 43035 ||| Stepping ~*~*~tactically~*~*~ (outnumbered).
 43037 | Zot:3    | Reached XP level 25. HP: 187/187 MP: 28/28
 43467 | Zot:3    | 43467 ||| Stepping ~*~*~tactically~*~*~ (outnumbered).
 43468 | Zot:3    | 43468 ||| Stepping ~*~*~tactically~*~*~ (outnumbered).
 43696 | Zot:4    | 43696 ||| INVOKING Heroism.
 43780 | Zot:4    | 43780 ||| INVOKING Heroism.
 43894 | Zot:4    | 43894 ||| INVOKING Heroism.
 43897 | Zot:4    | 43897 ||| Stepping ~*~*~tactically~*~*~ (outnumbered).
 43898 | Zot:4    | 43898 ||| Stepping ~*~*~tactically~*~*~ (outnumbered).
 44052 | Zot:4    | 44052 ||| INVOKING Heroism.
 44167 | Zot:4    | 44167 ||| Stepping ~*~*~tactically~*~*~ (outnumbered).
 44245 | Zot:4    | 44245 ||| Stepping ~*~*~tactically~*~*~ (outnumbered).
 44247 | Zot:4    | 44247 ||| Stepping ~*~*~tactically~*~*~ (outnumbered).
 44249 | Zot:4    | 44249 ||| Stepping ~*~*~tactically~*~*~ (outnumbered).
 44295 | Zot:4    | 44295 ||| Stepping ~*~*~tactically~*~*~ (outnumbered).
 44303 | Zot:4    | Reached skill level 18 in Armour
 44310 | Zot:4    | Received a gift from Okawaru
 44312 | Zot:4    | 44312 ||| INVOKING Heroism.
 44313 | Zot:4    | 44313 ||| Stepping ~*~*~tactically~*~*~ (outnumbered).
 44318 | Zot:4    | 44318 ||| Stepping ~*~*~tactically~*~*~ (outnumbered).
 44387 | Zot:4    | Found a stormy altar of Qazlal.
 44390 | Zot:4    | Noticed an ancient lich
 44390 | Zot:4    | 44390 ||| INVOKING Heroism.
 44391 | Zot:4    | 44391 ||| INVOKING Finesse.
 44411 | Zot:4    | Killed an ancient lich
 44411 | Zot:4    | Identified the +1 arbalest "Grim" {antimagic, SInv}
                  | (Okawaru gifted it to you on level 4 of the Realm of Zot)
 44411 | Zot:4    | Received a gift from Okawaru
 44457 | Zot:4    | Identified the +4 arbalest "Tint" {penet, Will+ Int+2
                  | Dex+2}
 44713 | Zot:4    | 44713 ||| INVOKING Heroism.
 44847 | Zot:4    | 44847 ||| PLANNING ORB
 44898 | Zot:5    | Entered Level 5 of the Realm of Zot
 44922 | Zot:5    | 44922 ||| INVOKING Heroism.
 44964 | Zot:5    | 44964 ||| Stepping ~*~*~tactically~*~*~ (outnumbered).
 45022 | Zot:5    | 45022 ||| INVOKING Heroism.
 45104 | Zot:5    | Noticed a Killer Klown
 45104 | Zot:5    | Noticed a Killer Klown
 45105 | Zot:5    | 45105 ||| INVOKING Heroism.
 45105 | Zot:5    | Noticed an orb of fire
 45105 | Zot:5    | Noticed a Killer Klown
 45106 | Zot:5    | 45106 ||| DRINKING 2 potions of resistance.
 45107 | Zot:5    | 45107 ||| INVOKING Finesse.
 45107 | Zot:5    | Noticed a Killer Klown
 45108 | Zot:5    | 45108 ||| Stepping ~*~*~tactically~*~*~ (outnumbered).
 45116 | Zot:5    | Killed a Killer Klown
 45129 | Zot:5    | Killed an orb of fire
 45130 | Zot:5    | Noticed an orb of fire
 45133 | Zot:5    | Noticed a Killer Klown
 45145 | Zot:5    | Killed a Killer Klown
 45146 | Zot:5    | Reached skill level 21 in Ranged Weapons
 45151 | Zot:5    | Killed a Killer Klown
 45151 | Zot:5    | Identified the +1 pair of gloves of Dimoxt {Drain rC- rCorr
                  | Int+8} (Okawaru gifted it to you on level 5 of the Realm of
                  | Zot)
 45151 | Zot:5    | Received a gift from Okawaru
 45165 | Zot:5    | Gained mutation: You are vulnerable to heat. (rF-) [an orb
                  | of fire]
 45168 | Zot:5    | 45168 ||| INVOKING Finesse.
 45169 | Zot:5    | 45169 ||| Stepping ~*~*~tactically~*~*~ (outnumbered).
 45172 | Zot:5    | 45172 ||| Stepping ~*~*~tactically~*~*~ (outnumbered).
 45177 | Zot:5    | Gained mutation: You are frail. (-10% HP) [an orb of fire]
 45179 | Zot:5    | Killed an orb of fire
 45180 | Zot:5    | Reached XP level 26. HP: 164/173 MP: 25/28
 45182 | Zot:5    | 45182 ||| INVOKING Heroism.
 45184 | Zot:5    | Killed a Killer Klown
 45191 | Zot:5    | 45191 ||| INVOKING Finesse.
 45197 | Zot:5    | Killed a Killer Klown
 45354 | Zot:5    | 45354 ||| DRINKING 2 potions of mutation.
 45354 | Zot:5    | Lost mutation: Your magical capacity is low. (-10% MP)
                  | [potion of mutation]
 45354 | Zot:5    | Lost mutation: You are vulnerable to heat. (rF-) [potion of
                  | mutation]
 45354 | Zot:5    | Lost mutation: You are frail. (-10% HP) [potion of
                  | mutation]
 45354 | Zot:5    | Gained mutation: You are partially covered in iridescent
                  | scales. (AC +2) [potion of mutation]
 45354 | Zot:5    | Gained mutation: Your mind is acute. (Int +4, Str/Dex -1)
                  | [potion of mutation]
 45354 | Zot:5    | Gained mutation: You have a pair of small antennae on your
                  | head. [potion of mutation]
 45482 | Zot:5    | Got the Orb of Zot
 45483 | Zot:5    | 45483 ||| PLANNING ESCAPE
 45483 | Zot:5    | 45483 ||| DROPPING +1 pair of gloves of Dimoxt {Drain rC-
                  | rCorr Int+8}.
 45484 | Zot:5    | 45484 ||| DRINKING 11 potions of haste.
 45484 | Zot:5    | Noticed a Killer Klown
 45485 | Zot:5    | 45485 ||| INVOKING Heroism.
 45486 | Zot:5    | 45486 ||| DRINKING 9 potions of might.
 45492 | Zot:5    | Noticed an orb of fire
 45493 | Zot:5    | 45493 ||| DRINKING potion of resistance.
 45498 | Zot:5    | Noticed a Killer Klown
 45510 | Zot:5    | Killed a Killer Klown
 45511 | Zot:5    | 45511 ||| DROPPING +3 helmet of Impressiveness {rPois
                  | Dex+3}.
 45550 | Zot:5    | 45550 ||| DRINKING 10 potions of haste.
 45658 | Zot:3    | Noticed a seraph
 45659 | Zot:3    | 45659 ||| DRINKING 9 potions of haste.
 45660 | Zot:3    | 45660 ||| INVOKING Heroism.
 45661 | Zot:3    | 45661 ||| DRINKING 8 potions of might.
 45676 | Zot:3    | 45676 ||| Stepping ~*~*~tactically~*~*~ (outnumbered).
 45683 | Zot:3    | Killed a seraph
 45710 | Zot:2    | 45710 ||| FLEEEEING.
 45711 | Zot:2    | 45711 ||| FLEEEEING.
 45712 | Zot:2    | 45712 ||| FLEEEEING.
 45718 | Zot:2    | Noticed Aploll the pandemonium lord
 45718 | Zot:2    | 45718 ||| INVOKING Heroism.
 45727 | Zot:2    | Killed Aploll the pandemonium lord
 45744 | Zot:2    | Noticed Amioz the pandemonium lord
 45745 | Zot:2    | 45745 ||| DRINKING 8 potions of haste.
 45760 | Zot:2    | Killed Amioz the pandemonium lord
 45766 | Zot:2    | 45766 ||| DRINKING 8 potions of heal wounds.
 45836 | Depths:4 | Noticed Pyzog the pandemonium lord
 45837 | Depths:4 | 45837 ||| DRINKING 7 potions of haste.
 45838 | Depths:4 | 45838 ||| INVOKING Heroism.
 45839 | Depths:4 | 45839 ||| DRINKING 7 potions of might.
 45860 | Depths:4 | Killed Pyzog the pandemonium lord
 45863 | Depths:4 | 45863 ||| Stepping ~*~*~tactically~*~*~ (cloud).
 45865 | Depths:4 | 45865 ||| Stepping ~*~*~tactically~*~*~ (cloud).
 46057 | D:9      | 46057 ||| DRINKING 6 potions of haste.
 46058 | D:9      | 46058 ||| INVOKING Heroism.
 46059 | D:9      | 46059 ||| DRINKING 6 potions of might.
 46259 | D:1      | Noticed a seraph
 46260 | D:1      | 46260 ||| DRINKING 5 potions of haste.
 46261 | D:1      | 46261 ||| INVOKING Heroism.
 46262 | D:1      | 46262 ||| DRINKING 5 potions of might.
 46292 | D:1      | Killed a seraph
 46308 | D:1      | 46308 ||| DRINKING 7 potions of heal wounds.
 46315 | D:$      | Escaped with the Orb!

Levels and vault maps discovered:
D:1:      dpeg_arrival_rooms_c, layout_basic
D:2:      layout_rooms, hellmonk_ecumenical_altar_inner_sanctum, serial_shops,
          shop, minmay_tetromino_l2
D:3:      layout_loops_ring, lemuel_round_altar
D:4:      layout_basic, pdpol_wu_jian_five_deadly_venoms,
          nicolae_ashenzari_panopticon, uniq_blork_the_orc
D:5:      layout_rooms, overflow_temple_1_default, nicolae_nh_oracle_at_delphi,
          uniq_pikel, uniq_prince_ribbit1
D:6:      gammafunk_cloud_chamber, layout_loops_ring, lemuel_round_altar,
          nicolae_vehumet_altar_sigil, minmay_manual_mail
D:7:      layout_basic, nicolae_tso_swordbearing_angel,
          minmay_temple_entry_drinking_statues, minmay_misc_feat_pillars,
          grunt_ministairs_11
D:8:      layout_basic, nicolae_ru_path_of_blood,
          nzn_overflow_gifts_of_might_and_magic, uniq_joseph
D:9:      layout_roguey, fedhas_altar_3, serial_curves, eino_curves_04,
          eino_curves_03, eino_curves_03, eino_curves_04,
          kennysheep_cross_bottleneck
D:10:     layout_loops_ring, grunt_dithmenos_shadows,
          kennysheep_orc_monster_closet_entryway, minmay_shattered_shrine
D:11:     layout_irregular_city, dpeg_oklobed_lair, serial_column_ruins,
          column_ruins_hut, column_ruins_corridor_dead_end,
          column_ruins_columns_straight, column_ruins_open_small_water,
          column_ruins_columns_straight, column_ruins_grid_3
D:12:     layout_basic, portal_ice_cave_entry_imps
D:13:     layout_rooms, hangedman_parallel_progression, uniq_sonja
D:14:     lemuel_troll_bridge, layout_gridville, grunt_vaults_entry_fortified,
          grunt_gozag_statues, dreamdust_wishing_well, zin_angel, uniq_nessos,
          uniq_azrael
D:15:     grunt_enter_depths_snipers, layout_long_grid, grunt_decor_cap,
          guppyfry_shop_blood
Lair:1:   minmay_lair_venomous_thicket, layout_loops_ring, grunt_megastairs_5,
          uniq_erica, uniq_grum, uniq_gastronok
Lair:2:   layout_misc_corridors, minmay_snake_entry_six_corridors,
          serial_bayou_pond_a, grunt_megastairs_1, infiniplex_staircase_pool_2
Lair:3:   dreamdust_cave_troll, layout_layer_cave,
          nicolae_swamp_entry_splash_gauntlet, lemuel_fruit_tree, uniq_urug
Lair:4:   mu_elephants_graveyard, layout_long_grid, beast_lair_carwin_10
Lair:5:   hellmonk_lair_end_abyssal_woods, layout_cave_pods,
          dpeg_slime_entry_corner, nicolae_quartered_pool_super
Swamp:1:  layout_basic_swamp, nicolae_swamp_trees_clearing, swamp_pool1,
          nicolae_swamp_bunyip_nook
Swamp:2:  layout_basic_swamp, evilmike_swamp_ruin_house_2, uniq_kirke,
          uniq_frances
Swamp:3:  layout_falls_marsh, nicolae_swamp_well_well_well
Swamp:4:  swamp, layout_basic_swamp, nicolae_swamp_drake_lake
Snake:1:  layout_cave_shapes, basic_altar, serial_bayou_pond_a,
          grunt_megastairs_4, uniq_louise, uniq_aizul, uniq_mlioglotl
Snake:2:  layout_rooms, serial_shops, nicolae_shop_gibbet_a_chance,
          nicolae_shop_firing_range, uniq_vashnia
Snake:3:  layout_basic, nicolae_snake_flat_spine, uniq_agnes
Snake:4:  grunt_snake_rune_serpentine_throne, layout_rooms, drop_trap,
          uniq_saint_roka, uniq_mara
Orc:1:    layout_caves, serial_shops, shop
Orc:2:    st_orc_rangers, layout_diamond_mine, serial_shops, bzr_in_the_mist,
          nooodl_orcs_dogs
Vaults:1: nicolae_vaults_border_crossing, nicolae_vaults_tetromino_Z_1,
          nicolae_vaults_tetromino_L_1, hangedman_vaults_pinch,
          nicolae_vaults_murderbox, layout_vaults_big_room, serial_shops, shop,
          shop, shop, shop, nicolae_shop_just_a_little_nook
Vaults:2: nicolae_vaults_murder_corner, nicolae_vaults_shelves_hall,
          minmay_crypt_entry_necro_gods, nicolae_vaults_diamond_2, v_rooms_2,
          nicolae_vaults_turnstiles, nicolae_vaults_angled_halls, v_pattern_4,
          nicolae_vaults_wine_cellar, vaults_dpeg_ring, layout_vaults_big_cross,
          serial_shops, shop, uniq_sojobo
Vaults:3: nicolae_vaults_offset_grid_hallway_4, nicolae_vaults_network_s,
          nicolae_vaults_little_ls, nicolae_vaults_taking_the_gang_shopping,
          v_alt_pattern_4, v_misc_23, vaults_room_large_hall,
          layout_vaults_quadrants
Vaults:4: gammafunk_ghost_fury_of_okawaru, v_rooms_5, nicolae_vaults_what_the_h,
          v_misc_30, dpeg_vaults_monster_box, st_lines,
          nicolae_vaults_octothorpe, ontoclasm_vaults_chip,
          nicolae_vaults_more_shelving_1, nicolae_vaults_trapezoid_lopsided_2,
          vaults_dpeg_encased_lava, layout_vaults_ring
Vaults:5
Depths:1: layout_honeycomb, enter_ziggurat_e, pf_coc_iceberg, serial_shops,
          nicolae_book_shop_shelving, nicolae_uskayaw_dance_hall,
          okawaru_altar_gauntlet_db
Depths:2: grunt_arcs, layout_basic, serial_shops, kennysheep_mini,
          pf_vacation_house_of_asmodeus, hangedman_abyss_or_decor_slice,
          marbit_kobold_abyss_entry, rand_demon_pan_entry_9, minmay_orc_keep
Depths:3: kennysheep_windowed_halls, layout_cave_pools, hell_entry,
          serial_shops, nicolae_shop_waterfront, abyss_entry_glasseish,
          enter_trove_6, minivault_11
Depths:4: evilmike_zot_entry_round, layout_basic, lightli_too_deep,
          minivault_14, serial_bayou_pond_d, nemelex_xobeh_ov_fountains_minmay,
          serial_bayou_shore_b, uniq_grunn
Zot:1:    layout_gridville
Zot:2:    layout_basic
Zot:3:    layout_gridlike
Zot:4:    regret_index_qazlal_generations, layout_basic
Zot:5:    layout_cellular_growth, st_stairs_13

Skill      XL: |  1  2  3  4  5  6  7  8  9 10 11 12 13 14 15 16 17 18 19 20 21 22 23 24 25 26 |
---------------+-------------------------------------------------------------------------------+-----
Armour         | 1 2 3 4 6 9 11 12 13 14 15 16 19 20 | 20.7
Ranged Weapons | 5 6 7 9 11 13 15 17 18 20 21 22 | 22.0
Fighting       | 3 4 7 8 9 10 11 13 14 16 18 20 22 23 25 26 27 | 27.0
Invocations    | 2 4 5 9 10 11 | 11.6
Dodging        | 2 3 4 5 6 7 9 10 12 13 14 16 18 19 20 21 22 | 22.0
Stealth        | |  1.1

Action                     |  1- 3 |  4- 6 |  7- 9 | 10-12 | 13-15 | 16-18 | 19-21 | 22-24 | 25-27 || total
---------------------------+-------+-------+-------+-------+-------+-------+-------+-------+-------++-------
  Melee: Longbow           |       |       |       |       |       |       |       |    13 |    16 ||    29
   Fire: Shortbow          |    66 |       |       |       |       |    11 |       |       |       ||    77
         Arbalest          |    33 |    71 |   209 |   403 |   616 |       |       |       |       ||  1332
         Longbow           |       |       |       |       |   337 |  1463 |  1393 |  1644 |   862 ||  5699
 Invoke: Heroism           |       |     3 |    12 |    25 |    28 |    43 |    19 |    46 |    17 ||   193
         Finesse           |       |       |       |     2 |     9 |     4 |    14 |    13 |     4 ||    46
    Use: Scroll            |     7 |     3 |     5 |     3 |     8 |    11 |     9 |     7 |       ||    53
         Potion            |     2 |     1 |     2 |     2 |     3 |       |     3 |     8 |    17 ||    38
 Armour: Leather armour    |     4 |       |       |    34 |    33 |       |       |       |       ||    71
         Ring mail         |     6 |    22 |    89 |    93 |       |       |       |       |       ||   210
         Skin              |       |       |       |     1 |       |       |       |       |       ||     1
         Troll leather arm |       |       |       |       |   124 |   171 |   225 |   275 |   147 ||   942
  Dodge: Dodged            |    21 |    30 |   119 |   171 |   287 |   408 |   931 |  1622 |   798 ||  4387
  Block: Other             |       |       |       |       |     9 |    83 |       |       |       ||    92
         Reflection        |       |       |       |       |     1 |    26 |       |       |       ||    27

Table legend:
 A = Non-vault XP
 B = Vault XP
 C = Vault XP percentage of total XP
 D = Non-vault monster count
 E = Vault monster count
 F = Vault count percentage of total count
                 A         B        C        D         E       F
            +---------+---------+-------+---------+---------+-------
      Total |  638029 |  514741 |  44.7 |    1148 |     725 |  38.7
            +---------+---------+-------+---------+---------+-------
        D:1 |      40 |       0 |   0.0 |      23 |       0 |   0.0
        D:2 |      27 |       1 |   3.6 |       9 |       1 |  10.0
        D:3 |      82 |       0 |   0.0 |      11 |       0 |   0.0
        D:4 |     183 |      87 |  32.2 |      12 |       1 |   7.7
        D:5 |    1396 |     986 |  41.4 |      39 |       4 |   9.3
        D:6 |     248 |     243 |  49.5 |       3 |       2 |  40.0
        D:7 |    1386 |     129 |   8.5 |      20 |       2 |   9.1
        D:8 |     751 |    1019 |  57.6 |       6 |       3 |  33.3
        D:9 |    1477 |       0 |   0.0 |      11 |       0 |   0.0
       D:10 |    1517 |    5724 |  79.0 |      28 |      32 |  53.3
       D:11 |    3119 |     542 |  14.8 |       9 |       1 |  10.0
       D:12 |    2252 |     124 |   5.2 |      11 |      12 |  52.2
       D:13 |    7943 |    6372 |  44.5 |      22 |      49 |  69.0
       D:14 |    8066 |   15270 |  65.4 |      14 |      30 |  68.2
       D:15 |   14586 |    3211 |  18.0 |      33 |       6 |  15.4
     Lair:1 |    5351 |    6422 |  54.5 |      21 |      24 |  53.3
     Lair:2 |    5794 |    3525 |  37.8 |      30 |      10 |  25.0
     Lair:3 |    3154 |    3214 |  50.5 |      13 |       6 |  31.6
     Lair:4 |    8390 |   12101 |  59.1 |      22 |      29 |  56.9
     Lair:5 |   15878 |   11238 |  41.4 |      44 |      41 |  48.2
    Swamp:1 |   10358 |    4957 |  32.4 |      17 |       5 |  22.7
    Swamp:2 |    8066 |    3562 |  30.6 |      14 |       5 |  26.3
    Swamp:3 |   14989 |       0 |   0.0 |      21 |       0 |   0.0
    Swamp:4 |   16733 |   17378 |  50.9 |      29 |      31 |  51.7
    Snake:1 |   11932 |    6532 |  35.4 |      22 |       8 |  26.7
    Snake:2 |   13951 |    5302 |  27.5 |      27 |       4 |  12.9
    Snake:3 |   21136 |    1414 |   6.3 |      38 |       1 |   2.6
    Snake:4 |   24729 |   33929 |  57.8 |      57 |      53 |  48.2
      Orc:1 |    2736 |       0 |   0.0 |      31 |       0 |   0.0
      Orc:2 |    2752 |    7648 |  73.5 |      30 |      49 |  62.0
   Vaults:1 |   17664 |   12761 |  41.9 |      27 |      15 |  35.7
   Vaults:2 |   30398 |   19373 |  38.9 |      40 |      23 |  36.5
   Vaults:3 |   18744 |    5958 |  24.1 |      34 |       9 |  20.9
   Vaults:4 |   26235 |   37232 |  58.7 |      35 |      43 |  55.1
   Vaults:5 |   32583 |   84060 |  72.1 |      46 |      71 |  60.7
   Depths:1 |   51429 |    6080 |  10.6 |      59 |       6 |   9.2
   Depths:2 |   30121 |   53461 |  64.0 |      44 |      50 |  53.2
   Depths:3 |   16685 |   22464 |  57.4 |      19 |      20 |  51.3
   Depths:4 |   21924 |   15794 |  41.9 |      27 |      15 |  35.7
      Zot:1 |   27625 |       0 |   0.0 |      23 |       0 |   0.0
      Zot:2 |   43136 |       0 |   0.0 |      35 |       0 |   0.0
      Zot:3 |   53070 |       0 |   0.0 |      41 |       0 |   0.0
      Zot:4 |   32627 |   38642 |  54.2 |      29 |      32 |  52.5
      Zot:5 |   26766 |   67986 |  71.8 |      22 |      32 |  59.3
            +---------+---------+-------+---------+---------+-------
